 Dungeon Crawl Stone Soup version 0.32-a0-666-ge8a8869 (webtiles) character file.

Game seed: 18148015396759416964

18663599 december12 the Archmage (level 27, 271/271 HPs)
             Began as a Barachi Artificer on Mar 9, 2024.
             Was a Favourite Plaything of Xom.
             Escaped with the Orb
             ... and 15 runes
             ... and 1 gem!
             The game lasted 03:52:50 (83105 turns).

december12 the Archmage (Barachi Artificer)        Turns: 83105, Time: 03:52:51

Health: 271/271    AC: 38    Str: 19 (20) XL:     27
Magic:  57/57      EV: 29    Int: 19      God:    Xom [...*..]
Gold:   8741       SH:  4    Dex: 23      Spells: 6/80 levels left

rFire   + + .        a - +9 double sword (elec)
rCold   + + +        v - orb {guile}
rNeg    + + +        S - +9 ice dragon scales
rPois   ∞            I - +1 hat "Satoor" {Will++}
rElec   +            t - +0 cloak "Obegum" {rElec Regen+ SInv}
rCorr   +            n - +0 pair of fencer's gloves {Riposte Dex+3}
SInv    +            H - +2 pair of boots {Fly}
Will    +++++        A - amulet of Vitality {Regen++ RegenMP++} Stlth
                     D - ring of Akitryl {rC+ Will+ rCorr MP+9 Int+3}
HPRegen 3.85/turn    C - ring "Yrexuro" {rF+++ rN+ Will+ Str+2 Int-4}
MPRegen 1.15/turn

%: clarity
@: death-form, flying, studying 5 skills, slow
A: vile attack, torment immunity, no potions, amphibious, slowness 1, strong
legs 2, +LOS, horns 1, large bone plates 1, agile 1, clarity, clever 1, low MP
1, regeneration 1, robust 1, strong 1, wild magic 1
0: Orb of Zot
}: 15/15 runes: decaying, slimy, silver, golden, iron, obsidian, icy, bone,
abyssal, demonic, glowing, magical, fiery, dark, gossamer
a: Hop, Siphon Essence, Begin Untransformation, Renounce Religion


You escaped.
You worshipped Xom.
You were a favourite toy of Xom.
You were an undying horror.
You visited 18 branches of the dungeon, and saw 88 of its levels.
You visited Pandemonium 1 time, and saw 26 of its levels.
You visited the Abyss 1 time.
You completed 1 ziggurat, and saw 27 of its levels.
You also visited: Ossuary, Bailey, Gauntlet, Ice Cave and Wizlab.

You collected 14577 gold pieces.
You spent 5836 gold pieces at shops.

Inventory:

Hand Weapons
 a - a +9 double sword of electrocution (weapon)
 b - a +9 eudemon blade of holy wrath
 x - a +9 demon blade of electrocution
 J - the +6 sword of Cerebov {flame}
   (You took it off Cerebov in Pandemonium)
Missiles
 l - 16 curare-tipped darts (quivered)
 Z - 3 throwing nets {!f}
Armour
 k - the +3 pair of gauntlets of War {Slay+5}
   (You found it on level 22 of a ziggurat)

   Slay+5:    It affects your accuracy & damage with ranged weapons and melee
   (+5).
 n - the +0 pair of fencer's gloves (worn) {Riposte Dex+3}
   (You found it on level 20 of a ziggurat)

   Riposte:   It allows the wearer to riposte with melee weapons, swiftly
   retaliating against missed or blocked melee attacks.
   Dex+3:     It affects your dexterity (+3).
 t - the +0 cloak "Obegum" (worn) {rElec Regen+ SInv}
   (You found it on level 25 of a ziggurat)

   rElec:     It insulates you from electricity.
   SInv:      It lets you see invisible.
   Regen+:    It increases your rate of health regeneration.
 v - an orb of guile (worn)
 H - a +2 pair of boots of flying (worn)
 I - the +1 hat "Satoor" (worn) {Will++}
   (You found it on level 4 of the Vaults)

   Will++:    It greatly increases your willpower.
 S - +9 ice dragon scales (worn)
 X - the +3 chain mail "Ulleiq" {Regen+ Str+2 Dex+8 Stlth-}
   (You found it in a Gauntlet)

   Str+2:     It affects your strength (+2).
   Dex+8:     It affects your dexterity (+8).
   Regen+:    It increases your rate of health regeneration.
   Stlth-:    It makes you less stealthy.
Jewellery
 f - the amulet "Weamob" {Acrobat Str-4 Dex+5}
   (You found it on level 2 of the Realm of Zot)

   [amulet of the acrobat]

   Acrobat:   It increases your evasion while moving and waiting.
   Str-4:     It affects your strength (-4).
   Dex+5:     It affects your dexterity (+5).
 A - the amulet of Vitality (around neck) {Regen++ RegenMP++}
   (You found it on level 3 of the Vaults)

   [amulet of nothing]

   Regen++:   It increases your rate of health regeneration.
   RegenMP++: It increases your rate of magic regeneration.
 B - the ring of the Mage {Wiz Archmagi}
   (You found it on level 7 of Tartarus)

   [ring of wizardry]

   Wiz:       It improves your spell success rate.
   Archmagi:  It increases the power of your magical spells.
 C - the ring "Yrexuro" (right hand) {rF+++ rN+ Will+ Str+2 Int-4}
   (You found it on level 20 of a ziggurat)

   [ring of positive energy]

   Str+2:     It affects your strength (+2).
   Int-4:     It affects your intelligence (-4).
   rF+++:     It renders you almost immune to fire.
   rN+:       It protects you from negative energy.
   Will+:     It increases your willpower.
 D - the ring of Akitryl (left hand) {rC+ Will+ rCorr MP+9 Int+3}
   (You found it on level 26 of a ziggurat)

   [ring of protection from cold]

   Int+3:     It affects your intelligence (+3).
   rC+:       It protects you from cold.
   Will+:     It increases your willpower.
   MP+9:      It affects your magic capacity (+9).
   rCorr:     It protects you from acid and corrosion.
 E - the ring "Xeoblox" {+Blink rCorr Dex+3 SInv, blink}
   (You found it on level 22 of a ziggurat)

   [ring of see invisible]

   Dex+3:     It affects your dexterity (+3).
   SInv:      It lets you see invisible.
   +Blink:    It lets you blink.
   rCorr:     It protects you from acid and corrosion.
Talismans
 K - a granite talisman
 U - a talisman of death (active)
Wands
 r - a wand of light (96)
 G - a wand of warping (156)
 Q - a wand of paralysis (154)
 V - a wand of digging (96)
Scrolls
 h - 16 scrolls of amnesia
 i - 12 scrolls of enchant armour
 o - 7 scrolls of immolation
 q - 9 scrolls of blinking
 u - 30 scrolls of fog
 y - 2 scrolls of butterflies
 z - 8 scrolls of vulnerability
 P - 42 scrolls of teleportation
Potions
 d - 14 potions of magic
 e - 6 potions of cancellation
 g - 6 potions of might
 j - 10 potions of brilliance
 m - 35 potions of curing
 p - 4 potions of invisibility
 s - 11 potions of heal wounds {!d !q}
 w - 7 potions of enlightenment
 F - 23 potions of mutation
 M - 17 potions of haste
 N - 2 potions of resistance
 O - 10 potions of attraction
 Y - 9 potions of ambrosia
Miscellaneous
 c - 2 +1 figurines of a ziggurat
 L - a phial of floods
 R - a phantom mirror
 W - a lightning rod (4/4)


   Skills:
 + Level 26.9 Fighting
 - Level 20.0 Long Blades
 + Level 26.9 Armour
 + Level 26.5 Dodging
 - Level 0.8 Stealth
 O Level 27 Spellcasting
 - Level 6.0 Conjurations
 + Level 26.5 Hexes
 - Level 12.0 Translocations
 O Level 27 Ice Magic
 - Level 25.0 Air Magic
 - Level 10.0 Earth Magic
 - Level 9.0 Alchemy
 * Level 14.3 Evocations
 + Level 26.3 Shapeshifting


You had 6 spell levels left.
You knew the following spells:

 Your Spells              Type           Power      Damage    Failure   Level
a - Polar Vortex          Ice            52%        12d7*     6%          9
b - Summon Mana Viper     Hex/Summ       78%        N/A       1%          5
c - Vhi's Electric Charg  Tloc/Air       100%       N/A       1%          4
d - Discord               Hex            52%        N/A       1%          8
e - Ozocubu's Refrigerat  Ice            52%        4d19      1%          7
f - Manifold Assault      Tloc           75%        N/A       1%          4
g - Enfeeble              Hex            52%        N/A       1%          7
i - Maxwell's Capacitive  Air            51%        ∞         1%          8
o - Passwall              Erth           70%        N/A       1%          3
p - Passage of Golubria   Tloc           75%        N/A       1%          4
r - Irradiate             Conj/Alch      31%        3d22      4%          5
v - Blink                 Tloc           100%       N/A       1%          2
y - Yara's Violent Unrav  Hex/Alch       44%        3d17      1%          5
z - Apportation           Tloc           100%       N/A       1%          1
W - Lesser Beckoning      Tloc           100%       N/A       1%          2

Your spell library contained the following spells:

 Spells                   Type           Power      Damage    Failure   Level
 Foxfire                  Conj/Fire      100%       2x1d9     1%          1
 Freeze                   Ice            100%       1d10      1%          1
 Kiss of Death            Conj/Necr      100%       2d13      1%          1
 Magic Dart               Conj           100%       1d8       1%          1
 Sandblast                Erth           100%       2d20      1%          1
 Shock                    Conj/Air       100%       1d9       1%          1
 Slow                     Hex            100%       N/A       1%          1
 Sting                    Conj/Alch      100%       1d9       1%          1
 Cigotuvi's Dreadful Rot  Necr/Alch/Air  100%       N/A       1%          2
 Ensorcelled Hibernation  Hex/Ice        100%       N/A       1%          2
 Jinxbite                 Hex            100%       N/A       1%          2
 Mercury Vapours          Alch/Air       100%       N/A       1%          2
 Momentum Strike          Conj/Tloc      100%       3d10      1%          2
 Searing Ray              Conj           100%       2d8       1%          2
 Static Discharge         Conj/Air       100%       3-8/arc   1%          2
 Confusing Touch          Hex            100%       N/A       1%          3
 Dazzling Flash           Conj/Hex       100%       N/A       1%          3
 Frozen Ramparts          Ice            100%       1d16      1%          3
 Gell's Gravitas          Tloc           75%        N/A       1%          3
 Hailstorm                Conj/Ice       86%        3d14      1%          3
 Inner Flame              Hex/Fire       78%        N/A       1%          3
 Mephitic Cloud           Conj/Alch/Air  78%        N/A       1%          3
 Ozocubu's Armour         Ice            100%       N/A       1%          3
 Sigil of Binding         Hex            100%       N/A       1%          3
 Stone Arrow              Conj/Erth      100%       3d13      1%          3
 Summon Ice Beast         Ice/Summ       79%        N/A       1%          3
 Swiftness                Air            100%       N/A       1%          3
 Teleport Other           Tloc           75%        N/A       1%          3
 Tukima's Dance           Hex            100%       N/A       1%          3
 Volatile Blastmotes      Fire/Tloc      100%       2d18      1%          3
 Airstrike                Air            51%        2d(8-24)  1%          4
 Anguish                  Hex/Necr       39%        N/A       1%          4
 Brom's Barrelling Bould  Conj/Erth      64%        2d8       1%          4
 Cause Fear               Hex            52%        N/A       1%          4
 Dimensional Bullseye     Hex/Tloc       45%        N/A       1%          4
 Iskenderun's Mystic Bla  Conj/Tloc      67%        2d14      1%          4
 Leda's Liquefaction      Alch/Erth      34%        N/A       1%          4
 Olgreb's Toxic Radiance  Alch           67%        N/A       1%          4
 Petrify                  Alch/Erth      69%        N/A       1%          4
 Summon Lightning Spire   Summ/Air       76%        N/A       1%          4
 Arcjolt                  Conj/Air       41%        1d51      1%          5
 Freezing Cloud           Conj/Ice/Air   45%        6-21      1%          5
 Metabolic Englaciation   Hex/Ice        52%        N/A       1%          5
 Silence                  Hex/Air        51%        N/A       1%          5
 Conjure Ball Lightning   Conj/Air       41%        3x3d13    1%          6
 Sculpt Simulacrum        Ice/Alch       44%        N/A       1%          6
 Fulminant Prism          Conj/Alch      31%        3d16      2%          4
 Alistair's Intoxication  Alch           44%        N/A       3%          5
 Plasma Beam              Fire/Air       38%        2x1d51    3%          6
 Necrotise                Necr           100%       1d9       4%          1
 Summon Small Mammal      Summ           100%       N/A       4%          1
 Animate Armour           Summ/Erth      100%       N/A       4%          4
 Dispersal                Tloc           37%        N/A       4%          6
 Call Imp                 Summ           66%        N/A       5%          2
 Scorch                   Fire           66%        2d7       5%          2
 Sublimation of Blood     Necr           33%        N/A       5%          2
 Ignite Poison            Fire/Alch      53%        N/A       6%          4
 Sticky Flame             Fire/Alch      53%        2d9       6%          4
 Iskenderun's Battlesphe  Conj           58%        2d11      9%          5
 Summon Forest            Summ/Tloc      29%        N/A       9%          5
 Flame Wave               Conj/Fire      48%        2d12      10%         4
 Call Canine Familiar     Summ           33%        N/A       11%         3
 Fugue of the Fallen      Necr           33%        N/A       11%         3
 Vampiric Draining        Necr           33%        2d8       11%         3
 Borgnjor's Vile Clutch   Necr/Erth      27%        N/A       12%         5
 Bombard                  Conj/Erth      32%        9d6       19%         6
 Fireball                 Conj/Fire      24%        3d11      26%         5
 Animate Dead             Necr           33%        N/A       30%         4
 Dispel Undead            Necr           33%        3d14      30%         4
 Martyr's Knell           Necr/Summ      33%        N/A       30%         4
 Summon Blazeheart Golem  Fire/Summ      33%        N/A       30%         4
 Curse of Agony           Necr           33%        N/A       61%         5
 Starburst                Conj/Fire      24%        6d8       77%         6
 Death Channel            Necr           16%        N/A       99%         6
 Summon Cactus Giant      Summ           16%        N/A       99%         6
 Disjunction              Tloc           37%        N/A       78%         8
 Malign Gateway           Summ/Tloc      29%        N/A       89%         7
 Orb of Destruction       Conj           29%        9d9       89%         7
 Chain Lightning          Conj/Air       41%        3d55      99%         9
 Haunt                    Necr/Summ      16%        N/A       100%        7
 Monstrous Menagerie      Summ           16%        N/A       100%        7
 Spellforged Servitor     Conj/Summ      24%        N/A       100%        7
 Summon Hydra             Summ           16%        N/A       100%        7
 Borgnjor's Revivificati  Necr           16%        N/A       100%        8
 Ignition                 Fire           16%        3d7       100%        8
 Infestation              Necr           16%        N/A       100%        8
 Lehudib's Crystal Spear  Conj/Erth      32%        10d8      100%        8
 Summon Horrible Things   Summ           16%        N/A       100%        8
 Death's Door             Necr           16%        N/A       100%        9
 Dragon's Call            Summ           16%        N/A       100%        9
 Fire Storm               Conj/Fire      24%        8d6       100%        9
 Shatter                  Erth           35%        3d28*     100%        9


Dungeon Overview and Level Annotations

Branches:
Dungeon (15/15)            Temple (1/1) D:5            Lair (5/5) D:9
  Swamp (4/4) Lair:3       Spider (4/4) Lair:3        Slime (5/5) Lair:5
    Orc (2/2) D:9             Elf (3/3) Orc:2        Vaults (5/5) D:14
  Crypt (3/3) Vaults:2       Tomb (3/3) Crypt:3      Depths (4/4) D:15
   Hell (visited)             Dis (7/7) Hell            Geh (7/7) Hell
    Coc (7/7) Hell            Tar (7/7) Hell            Zot (5/5) Depths:4
Ossuary (visited)          Bailey (visited)           IceCv (visited)
 WizLab (visited)         Gauntlet (visited)

Altars:
Ashenzari
Cheibriados
Dithmenos
Elyvilon
Fedhas
Gozag
Hepliaklqana
Kikubaaqudgha
Makhleb
Nemelex Xobeh
Okawaru
Qazlal
Ru
Sif Muna
Trog
Uskayaw
Vehumet
Wu Jian
Xom
Yredelemnul
Zin
The Shining One
Beogh
Jiyva

Shops:
D:2 =   D:11 *   D:15 [   Orc:1 [   Orc:2 :[!(   Elf:2 [   Vaults:2 ?
Vaults:4 (   Zot:3 *

Portals:
Hell: Depths:1 Depths:2 Depths:3 Depths:4
Abyss: Depths:2 Depths:3
Pandemonium: Depths:2 Depths:3 Depths:4

Annotations:
Dis:1 exclusion: orange crystal statue


Innate Abilities, Weirdness & Mutations

You are an undying horror.
Your melee and unarmed attacks drain, slow and weaken victims.
You are immune to unholy pain and torment.
You cannot drink.
You are immune to poison.
You are amphibious.
You cover ground slowly.
You can hop long distances.
You have an extended range of vision and can be seen from far away.
You have a pair of small horns on your head.
You are partially covered in large bone plates. (SH +4)
You are agile. (Dex +4, Str/Int -1)
You possess an exceptional clarity of mind.
Your mind is acute. (Int +4, Str/Dex -1)
Your magical capacity is low. (-10% MP)
Your natural rate of healing is unusually fast.
You are robust. (+10% HP)
Your muscles are strong. (Str +4, Int/Dex -1)
Your spells are a little harder to cast, but a little more powerful.


Message History

You see here a jackal skeleton.
A Qoluss, an ancient lich, an ice devil and a lich come into view.
You see here a frilled lizard skeleton.
Unknown command.
Hit: a) +9 double sword (elec)
Press: ? - help, Dir - move target, f - you
Okay, then.
Unknown command.
Blink to where?
Press: ? - help, Dir - move target
As you read the scroll of blinking, it crumbles to dust.
The ancient lich moves out of view.
The ice devil moves out of view.
The lich gestures wildly while chanting.
The lich flickers and vanishes for a moment.
You fly upwards.
There is a stone staircase leading down here.
Unknown command.
What level of the Dungeon? (default 1, ? - help)
There is an escape hatch in the floor here.
There is a stone staircase leading up here.
You fly upwards.
There is a stone staircase leading down here.
Unknown command.
You see here a staff of fire.
There is an open door here.
Casting: Polar Vortex (dangerous; 6% risk of failure)
Confirm with . or Enter, or press ? or * to list all spells.
Aiming: Passwall (safe; 1% risk of failure)
Press: ? - help, Dir - move target A rock wall.
This square is covered in magical glow.
You begin to meditate on the wall.
You continue meditating on the rock.
Magic restored.
You continue meditating on the rock. x3
You finish merging with the rock.
There is a staircase leading out of the dungeon here.
Welcome back, december12 the Barachi Artificer.
Xom snickers.
Press ? for a list of commands and other information.
You have escaped!

.# #....................#
.######
#..........2.........#
......#
########.............#
.####.# #####...#######
......# ###.# ..###.#
#####.# #.# #.##
######..##.## #.# ##)###
#...##..##..# #.# #....###
##.z......##.#
#.###.##...###....##....#.#
#.#.#..##...#..######...#.#
...###...##....# ###...#.#
#######........####...###.#
.......#####....##...###..#
........(.#####.....## #.##
###......>########### ##.#
# #.........[..# #..#


There were no monsters in sight!

Vanquished Creatures
  Cerebov (Pan)
  Asmodeus (Geh:7)
  Antaeus (Coc:7)
  the Royal Jelly (Slime:5)
  Dissolution (Slime:3)
  Ereshkigal (Tar:7)
  Mnoleg (Pan)
  Lom Lobon (Pan)
  Ignacio (Pan)
  10 dread liches
  2 orbs of fire
  Dispater (Dis:7)
  10 ancient liches
  10 pandemonium lords
  15 royal mummies
  5 Killer Klowns
  4 curse toes
  11 shard shrikes
  6 caustic shrikes (Dis:7)
  A profane servitor (Tar:7)
  14 golden dragons
  11 bone dragons
  The ghost of Ycago the Slayer, a veteran GrGl of Okawaru (Vaults:1)
  A pearl dragon (Zig:22)
  6 Tzitzimimeh
  3 electric golems
  8 hellephants
  11 Brimstone Fiends
  14 Hell Sentinels
  11 doom hounds
  9 iron giants
  3 spectral shard shrikes
  A walking crystal tome (Depths:2)
  Zenata (Vaults:2)
  A walking earthen tome (Depths:3)
  7 Orb Guardians (Zot:5)
  15 Ice Fiends
  A moon troll (WizLab)
  17 tentacled monstrosities
  10 titans
  6 tainted leviathans
  8 liches
  8 quicksilver dragons
  5 sphinxes
  3 deep elf master archers
  3 walking frostbound tomes
  13 searing wretches
  23 acid blobs
  15 death cobs
  An eldritch tentacle (Pan)
  2 deep elf blademasters (Elf:3)
  24 Executioners
  A thorn hunter (Swamp:1)
  Frances (Spider:2)
  18 tentacled starspawn
  34 ancient champions
  20 shadow dragons
  4 nagarajas (Zig:27)
  8 fenstrider witches
  8 storm dragons
  9 rockslimes
  3 protean progenitors
  8 tengu reavers
  6 fire giants
  10 narguns
  3 draconian knights
  Roxanne (Elf:3)
  Aizul (Spider:2)
  20 azure jellies
  9 revenants
  3 demonspawn warmongers
  5 draconian shifters
  12 quicksilver elementals
  5 draconian monks
  6 iron dragons
  17 frost giants
  6 emperor scorpions
  13 deep elf sorcerers
  7 shard shrike simulacra
  3 draconian scorchers
  15 ghost moths
  17 vault wardens
  19 balrugs
  2 spectral juggernauts
  Louise (Elf:3)
  9 orc warlords
  3 angels
  16 curse skulls
  7 draconian annihilators
  6 deep elf elementalists
  7 ironbound preservers
  14 cacodemons
  7 ghouls
  13 quicksilver oozes
  17 reapers
  3 draconian stormcallers
  5 demonspawn corrupters (Pan)
  4 formless jellyfish
  18 very ugly things
  2 demonspawn blood saints (Pan)
  2 caustic shrike skeletons
  3 juggernaut skeletons (Pan)
  9 green draconians
  9 ironbound thunderhulks
  10 vampire knights
  4 broodmothers
  4 eleionomae
  A starflower (Abyss:3)
  16 stone giants
  9 deep elf death magi
  5 putrid mouths
  5 purple draconians
  9 wendigos
  8 lorocyprocas
  4 demonspawn black suns (Pan)
  31 war gargoyles
  6 yellow draconians
  11 deep elf demonologists
  10 elemental wellsprings
  9 black draconians
  7 bunyips
  16 spark wasps
  9 bennus
  A minotaur (Gauntlet)
  12 deep elf annihilators
  7 red draconians
  5 dire elephants
  15 eidola
  7 blizzard demons
  19 iron golems
  14 green deaths
  10 white draconians
  The ghost of Keckybboll the Warrior, a journeyman OpMo of Sif Muna (Lair:3)
  A spectral quicksilver dragon (Geh:6)
  A merfolk javelineer (Zig:21)
  8 mummy priests
  8 ettins
  2 crystal guardians
  8 deep elf high priests
  5 fire dragons
  Josephine (D:12)
  A spectral iron giant (Geh:6)
  10 jiangshi
  10 yaktaur captains
  2 shambling mangroves
  2 rakshasas
  3 spriggan air magi
  7 entropy weavers
  15 great orbs of eyes
  31 vault guards
  A great orb of eyes (shapeshifter) (Zig:15)
  9 ice dragons
  2 quicksilver dragon skeletons
  4 spectral spriggans
  6 salamander tyrants
  A peacekeeper (Vaults:1)
  An anaconda (Zig:27)
  7 caustic shrike simulacra
  6 centaur warriors
  15 hydras
  5 jorogumos
  A juggernaut simulacrum (Coc:6)
  A catoblepas (Lair:2)
  A sphinx zombie (Depths:3)
  11 alligators
  3 ghost crabs
  4 stokers (Geh:6)
  7 ogre magi
  A merfolk aquamancer (Pan)
  7 ironbound frosthearts
  8 boulder beetles
  28 dancing weapons
  A spriggan skeleton (Hell)
  5 two-headed ogres
  14 death scarabs
  A sphinx skeleton (Zig:17)
  2 death knights
  A deep troll shaman (Depths:3)
  A death yak (shapeshifter) (Zig:15)
  13 hell hogs
  9 radroaches
  A spectral stone giant (Tar:2)
  An azure jelly zombie (Crypt:2)
  4 death yaks
  5 deep troll earth magi
  A tengu warrior (D:13)
  A satyr (Zig:21)
  A naga warrior (Zig:27)
  6 demonic crawlers
  7 thrashing horrors
  A spectral dire elephant (Geh:6)
  2 spriggan berserkers (Swamp:1)
  29 sun demons
  14 hell knights
  4 naga sharpshooters
  11 vampire magi
  3 shock serpents
  6 orc high priests
  A titan skeleton (Tomb:2)
  14 soul eaters
  2 storm dragon zombies
  18 deep elf knights
  2 skysharks
  7 hellephant skeletons (Pan)
  8 iron trolls
  8 shadow wraiths
  4 crystal echidnas
  4 spectral anacondas
  9 wretched stars
  2 golden dragon zombies
  5 pharaoh ants
  5 goliath frogs
  15 spriggan druids
  A cherub (Pan)
  6 swamp dragons
  Lodul (D:10)
  A deep troll (shapeshifter) (Vaults:5)
  6 orange crystal statues
  19 sixfirhies
  11 glowing orange brains
  7 lindwurms
  8 orb spiders
  50 skeletal warriors
  8 deep elf archers
  A mana viper (Zig:27)
  20 deep trolls
  4 shadow demons
  7 sun moths
  6 arcanists
  8 steelbarb worms
  9 phantasmal warriors
  15 ironbound convokers
  8 bog bodies
  A storm dragon skeleton (Depths:2)
  A naga ritualist (Zig:27)
  9 flayed ghosts
  5 obsidian statues
  A tengu zombie (Depths:2)
  A snapping turtle (shapeshifter) (Vaults:5)
  Pikel (D:6)
  A shadow dragon zombie (Zig:17)
  21 deep elf pyromancers
  24 deep elf zephyrmancers
  3 thermic dynamos
  2 anaconda skeletons (Crypt:2)
  13 necromancers
  4 spriggan simulacra
  2 spectral ettins
  16 wolf spiders
  2 oklob plants
  35 ugly things
  An eleionoma zombie (Crypt:1)
  8 orc knights
  4 shining eyes
  5 cyclopes
  A frost giant zombie (Crypt:1)
  4 orc sorcerers
  A salamander (Depths:1)
  2 fire giant zombies
  An iron dragon skeleton (Depths:2)
  23 large abominations
  23 moths of wrath
  6 manticores
  6 will-o-the-wisps
  4 kobold blastminers
  87 slime creatures
  10 meliai
  A frost giant skeleton (Vaults:5)
  14 elephants
  A human skeleton (Vaults:5)
  A stone giant skeleton (Crypt:3)
  A naga mage (Vaults:4)
  8 apocalypse crabs
  7 black mambas
  6 ice statues
  A guardian serpent (Zig:27)
  18 smoke demons
  A dire elephant zombie (Lair:5)
  6 eyes of devastation
  18 starcursed masses
  14 cane toads
  2 rust devils
  9 molten gargoyles (Geh:7)
  2 storm dragon simulacra
  13 vault sentinels
  A gargoyle (D:13)
  20 orange demons
  3 titan simulacra (Coc:3)
  9 torpor snails
  8 hellions
  A pale draconian zombie (Crypt:2)
  9 rime drakes
  7 komodo dragons
  An alligator snapping turtle skeleton (Crypt:3)
  3 spectral nagas
  4 kobold demonologists
  3 freezing wraiths
  2 efreet (Pan)
  2 iron giant simulacra
  5 tormentors
  3 tengu conjurers
  8 yaktaurs
  3 anaconda simulacra
  An unseen horror skeleton (Crypt:1)
  Psyche (D:9)
  A golden dragon simulacrum (Coc:7)
  2 red devils (Pan)
  A spectral harpy (Tar:3)
  10 trolls
  4 ancient zymes
  15 guardian mummies
  19 hellwings
  A bloated husk (Zig:14)
  3 ice devils
  4 tyrant leeches
  2 queen bees
  25 hornets
  A queen bee (shapeshifter) (D:15)
  2 trolls (shapeshifter)
  11 polar bears
  A merfolk (shapeshifter) (Vaults:3)
  30 tarantellas
  5 glass eyes
  3 raiju
  16 blink frogs
  A guardian serpent zombie (Crypt:1)
  A dream sheep (shapeshifter) (Vaults:5)
  A spriggan (shapeshifter) (D:14)
  4 shadows
  26 jumping spiders
  Sigmund (D:2)
  31 culicivoras
  5 dire elephant simulacra
  3 air elementals
  20 spriggans
  11 ynoxinuls
  A centaur simulacrum (Coc:2)
  An elf simulacrum (Vaults:5)
  3 naga simulacra
  6 water elementals
  10 wraiths
  A yak (shapeshifter) (D:14)
  75 yaks
  2 vampires
  A wyvern (Lair:4)
  10 ushabtiu
  Eustachio (D:4)
  2 fire elementals
  3 wargs
  24 golden eyes
  5 basilisks
  37 redbacks
  20 vampire mosquitoes
  An alligator snapping turtle simulacrum (Coc:2)
  7 chaos spawn
  A spectral cane toad (Lair:5)
  A human (D:4)
  3 death yak simulacra (Lair:5)
  3 steam dragons
  A swamp worm (shapeshifter) (D:15)
  18 neqoxecs
  9 swamp worms
  An acid dragon (D:8)
  7 harpy simulacra
  A spatial vortex (Abyss:5)
  3 hydra simulacra
  A naga skeleton (Tomb:1)
  51 orc warriors
  10 water moccasins
  5 hell hounds
  A meliai simulacrum (D:12)
  3 swamp drakes
  2 black bears
  2 sky beasts
  An ice beast (D:8)
  15 laughing skulls
  7 ettin simulacra
  A hornet zombie (Crypt:2)
  2 boggarts (Vaults:3)
  36 wolves
  19 ogres
  11 centaurs
  A vine stalker zombie (Crypt:1)
  4 elephant skeletons (Lair:5)
  6 kobold brigands
  4 weeping skulls
  2 brain worms
  5 earth elementals
  9 bullfrogs
  2 cane toad simulacra (Lair:5)
  A gnoll sergeant (D:6)
  5 scorpions
  7 small abominations
  A scorpion (shapeshifter) (Vaults:5)
  A burial acolyte (Crypt:3)
  An elephant simulacrum (Lair:5)
  16 killer bees
  A swamp dragon simulacrum (Coc:1)
  2 bombardier beetles
  8 howler monkeys
  10 electric eels
  A bullfrog zombie (Crypt:1)
  3 hounds (D:6)
  A basilisk zombie (Crypt:1)
  5 iguanas
  20 orc priests
  11 jellies
  A boggart zombie (Crypt:1)
  4 sleepcaps
  16 orc wizards
  7 hell rats
  An ogre zombie (Crypt:2)
  25 mummies
  A boggart simulacrum (D:15)
  Robin (D:4)
  8 adders
  2 white imps
  2 ufetubi (D:6)
  A dart slug (D:2)
  3 ribbon worms
  80 orcs
  7 ball pythons
  7 bats
  22 endoplasms
  2 giant cockroaches (D:1)
  2 gnoll zombies (Ossuary)
  13 goblins
  15 hobgoblins
  10 jackals
  28 kobolds
  2 quokkas
  5 frilled lizards
  A hobgoblin skeleton (Crypt:2)
  A jackal skeleton (Crypt:2)
  3 kobold zombies (Ossuary)
  3 orc zombies (Ossuary)
  6 rats
  A butterfly (Swamp:1)
  5 creeping infernos
  25 fire vortices (Geh:6)
  A lurking horror (Abyss:5)
  19 starspawn tentacles
3429 creatures vanquished.

Vanquished Creatures (collateral kills)
  Gloorx Vloq (Pan)
  the Serpent of Hell (Tar:7)
  2 dread liches
  2 ancient liches
  2 orbs of fire (Zot:5)
  Mennas (Tomb:2)
  Mara (Vaults:2)
  22 royal mummies
  7 shard shrikes
  5 Killer Klowns
  6 caustic shrikes
  Margery (Depths:3)
  Geryon (Hell)
  2 curse toes
  Jory (Crypt:3)
  8 golden dragons
  14 pandemonium lords
  A profane servitor (Crypt:3)
  6 bone dragons
  3 Brimstone Fiends
  A Tzitzimitl (Tar:7)
  2 electric golems (Zot:5)
  3 hellephants (Geh:7)
  3 doom hounds (Tar:7)
  A Hell Sentinel (Dis:7)
  Rupert (Lair:3)
  3 tentacled monstrosities
  3 Ice Fiends
  A walking earthen tome (Zig:22)
  15 Orb Guardians
  3 liches
  4 quicksilver dragons
  2 titans (Coc:3)
  4 deep elf master archers
  2 walking frostbound tomes
  5 sphinxes
  3 tainted leviathans (Tar:7)
  4 searing wretches
  An Executioner (Pan)
  12 acid blobs
  A tentacled starspawn (WizLab)
  4 ancient champions (Dis:7)
  3 death cobs
  Agnes (D:14)
  4 revenants
  A storm dragon (Depths:4)
  2 shadow dragons
  3 tengu reavers
  2 fenstrider witches (Zig:20)
  6 protean progenitors
  2 frost giants (shapeshifter)
  2 iron dragons
  13 nagarajas
  6 frost giants
  2 rockslimes (Zig:23)
  4 fire giants
  4 azure jellies (Zig:23)
  3 quicksilver elementals
  A vault warden (Vaults:4)
  2 draconian shifters (Zot:1)
  An emperor scorpion (Zig:18)
  A shard shrike simulacrum (Coc:7)
  5 draconian knights
  3 ghost moths
  4 curse skulls
  8 balrugs
  2 draconian scorchers (Zig:11)
  8 orc warlords
  5 cacodemons
  5 ironbound preservers
  2 draconian stormcallers
  3 ironbound thunderhulks
  2 ghouls
  2 broodmothers
  A formless jellyfish (Zig:23)
  2 quicksilver oozes
  5 draconian annihilators
  3 reapers
  11 very ugly things
  14 stone giants
  2 caustic shrike skeletons
  2 demonspawn corrupters (Pan)
  2 green draconians
  5 demonspawn blood saints (Pan)
  3 elemental wellsprings
  3 black draconians
  6 vampire knights
  3 lorocyprocas
  2 demonspawn black suns (Pan)
  An eleionoma (shapeshifter) (Zig:24)
  A putrid mouth (Hell)
  A wendigo (Coc:5)
  6 white draconians
  3 red draconians
  4 eleionomae
  7 bennus
  A yellow draconian (Zot:5)
  2 bunyips
  12 war gargoyles
  A spark wasp (Zig:18)
  3 purple draconians
  3 deep elf death magi
  5 merfolk javelineers
  6 green deaths
  18 mummy priests
  7 ettins
  4 eidola
  2 iron golems
  A blizzard demon (Pan)
  2 crystal guardians (Dis:1)
  8 yaktaur captains
  4 fire dragons
  2 deep elf high priests
  4 great orbs of eyes
  3 spriggan zombies
  A quicksilver dragon zombie (Depths:3)
  A rakshasa (Depths:2)
  24 salamander tyrants
  2 peacekeepers
  4 shambling mangroves
  10 jiangshi
  16 vault guards
  3 caustic shrike simulacra
  2 ice dragons (Depths:3)
  A spriggan skeleton (Zig:19)
  A radroach (Zig:24)
  6 ironbound frosthearts
  A hell beast (Pan)
  An ogre mage (Vaults:3)
  A juggernaut simulacrum (Coc:4)
  2 alligators (Zig:20)
  4 hydras
  A ghost crab (Zig:20)
  4 boulder beetles
  4 stokers
  6 centaur warriors
  2 anacondas (Zig:27)
  3 two-headed ogres
  3 spriggan air magi
  5 deep troll shamans
  An alligator snapping turtle (shapeshifter) (Zig:24)
  A sphinx skeleton (Zig:17)
  2 satyrs
  A two-headed ogre (shapeshifter) (Zig:24)
  68 death scarabs
  18 hell hogs
  3 deep troll earth magi
  7 orc high priests
  Urug (D:11)
  6 vampire magi
  8 naga sharpshooters
  A shock serpent (shapeshifter) (Zig:15)
  13 hell knights
  8 soul eaters
  14 sun demons
  A death yak (shapeshifter) (Zig:15)
  4 occultists (Depths:3)
  2 demonic crawlers (Zig:18)
  7 shock serpents
  6 crystal echidnas
  3 spriggans
  2 spriggan berserkers
  A skyshark (Depths:3)
  3 shadow wraiths
  A titan skeleton (Zig:19)
  21 skeletal warriors
  A quicksilver dragon simulacrum (Coc:3)
  7 sixfirhies (Pan)
  2 spatial maelstroms (Zig:22)
  15 deep trolls
  3 sea snakes (Zot:5)
  4 glowing orange brains
  3 goliath frogs
  A death drake (Zig:20)
  An iron giant zombie (Tomb:2)
  6 flayed ghosts
  A sea snake (shapeshifter) (Zig:15)
  3 orb spiders
  A golden dragon zombie (Zig:17)
  A spriggan druid (Zig:20)
  A sun moth (Pan)
  5 shadow demons
  5 swamp dragons
  3 arcanists
  A bog body (Zig:20)
  12 iron trolls
  An orb spider (shapeshifter) (Zig:24)
  4 large abominations
  2 obsidian statues (Zig:21)
  2 orange crystal statues
  An orc knight (Vaults:5)
  8 necromancers
  A sphinx simulacrum (Zig:19)
  A shadow dragon zombie (Crypt:2)
  2 deep elf pyromancers
  8 ironbound convokers
  A lindwurm (Vaults:4)
  2 phantasmal warriors
  A deep elf zephyrmancer (Elf:2)
  4 wolf spiders
  An iron dragon zombie (Zig:19)
  A salamander (Zig:27)
  6 fauns
  6 cyclopes (Zig:21)
  A fire giant zombie (Depths:3)
  2 shadow dragon skeletons (Zig:19)
  2 shining eyes (shapeshifter)
  9 orc sorcerers (Zig:25)
  14 ugly things
  5 shining eyes (Zig:23)
  13 moths of wrath
  A will-o-the-wisp (Zig:20)
  A meliai (Zig:18)
  A tengu skeleton (Zig:19)
  6 black mambas (Zig:27)
  4 naga magi
  6 eyes of devastation
  A titan simulacrum (Coc:5)
  3 guardian serpents (Zig:27)
  4 rust devils (Hell)
  5 vault sentinels
  5 molten gargoyles
  7 apocalypse crabs
  11 kobold blastminers
  5 orange demons
  18 smoke demons
  9 hellions
  A dire elephant skeleton (Tomb:2)
  A kobold demonologist (Depths:3)
  2 rime drakes (Zig:12)
  8 yaktaurs
  An ancient zyme (Zig:22)
  3 ice devils
  An efreet (Pan)
  5 freezing wraiths
  2 tengu conjurers (Depths:1)
  40 guardian mummies
  7 tormentors
  2 hellwings (Pan)
  A troll (Zig:25)
  A bloated husk (Zig:5)
  A red devil (Pan)
  4 hornets
  2 tarantellas
  3 blink frogs (Lair:3)
  A harpy skeleton (Tomb:3)
  19 slime creatures
  A snapping turtle (shapeshifter) (Depths:3)
  An iron dragon simulacrum (Coc:6)
  A dream sheep (shapeshifter) (Zig:24)
  4 glass eyes
  A stone giant simulacrum (Coc:6)
  5 water elementals
  15 ushabtiu
  7 yaks
  2 culicivoras (Zig:18)
  A dire elephant simulacrum (Coc:3)
  3 naga simulacra
  A jumping spider (shapeshifter) (Zig:24)
  A small abomination (Crypt:3)
  2 wraiths
  An air elemental (Elf:2)
  5 ynoxinuls
  2 wargs (Zig:25)
  2 fire bats (Depths:4)
  5 golden eyes
  A redback (Spider:1)
  8 chaos spawn
  4 neqoxecs
  A harpy simulacrum (Coc:6)
  2 nagas (Zig:27)
  2 glowing shapeshifter zombies (Zig:17)
  A water moccasin (Lair:3)
  8 hell hounds
  15 orc warriors (Zig:25)
  10 laughing skulls
  2 ettin simulacra
  A wolf (Lair:4)
  7 ogres (Zig:25)
  2 boggarts (Depths:3)
  2 centaurs
  A brain worm (Abyss:3)
  3 burial acolytes (Crypt:3)
  A jelly (D:6)
  A hound (D:6)
  7 orc priests
  4 starcursed masses
  2 iguanas (D:6)
  A sleepcap (D:6)
  4 orc wizards
  9 hell rats (Hell)
  50 mummies
  2 orcs
  2 aspiring fleshes (Zig:24)
  A creeping inferno (Geh:6)
  4 fire vortices
  4 spectral weapons (Dis:7)
  2 starspawn tentacles (Zig:22)
1353 creatures vanquished.

Vanquished Creatures (others)
  2 royal mummies
  5 pandemonium lords
  4 shard shrikes
  3 Killer Klowns
  5 caustic shrikes
  A walking crystal tome (Depths:3)
  A doom hound (Tar:6)
  4 Orb Guardians (Zot:5)
  3 sphinxes
  4 deep elf master archers (Zig:21)
  A titan (Coc:3)
  A quicksilver dragon (Zig:27)
  2 ancient champions
  A death cob (Zot:5)
  An acid blob (Zig:23)
  A tentacled starspawn (Zig:22)
  A storm dragon (Vaults:5)
  A tengu reaver (Depths:3)
  2 azure jellies
  A rockslime (Zig:23)
  A fire giant (Geh:2)
  2 protean progenitors
  A draconian monk (Zot:2)
  A nagaraja (Zig:27)
  2 narguns
  A draconian scorcher (Zot:2)
  A ghost moth (Zig:24)
  2 iron dragons
  A frost giant (Zig:13)
  A shard shrike simulacrum (Coc:7)
  A vault warden (Vaults:5)
  A draconian stormcaller (Zot:1)
  An ironbound preserver (Zig:13)
  5 stone giants
  An orc warlord (Zig:25)
  A demonspawn blood saint (Pan)
  4 very ugly things
  2 draconian annihilators
  A demonspawn corrupter (Pan)
  A demonspawn black sun (Pan)
  A deep elf death mage (Zig:16)
  A black draconian (Zot:1)
  2 bennus
  A yellow draconian (Zot:3)
  A bunyip (Zig:20)
  A war gargoyle (Dis:7)
  A vampire knight (Depths:4)
  2 wendigos
  A deep elf annihilator (Vaults:5)
  2 green deaths
  3 mummy priests
  A merfolk javelineer (Zig:21)
  An ettin (Vaults:5)
  3 jiangshi
  A shambling mangrove (Zig:20)
  2 fire dragons
  A yaktaur captain (Zig:10)
  4 hydras
  An ogre mage (Zig:13)
  A hell beast (Pan)
  4 vault guards
  3 salamander tyrants (Zig:27)
  2 anacondas (Zig:27)
  A ghost crab (Zig:14)
  A death knight (Crypt:3)
  A dancing weapon (Vaults:1)
  A satyr (Zig:21)
  A sphinx skeleton (Zig:19)
  A deep troll shaman (Depths:4)
  9 death scarabs
  3 deep troll earth magi
  A tengu warrior (Depths:3)
  A vampire mage (Zig:26)
  A shock serpent (Zig:27)
  A shock serpent (shapeshifter) (Elf:3)
  A thrashing horror (Zig:22)
  An orc high priest (Zig:25)
  6 hell knights
  A spriggan berserker (Zig:20)
  2 sun demons
  2 skysharks (Depths:3)
  An iron troll (Zig:25)
  A goliath frog (Zig:14)
  A mana viper (Zig:27)
  An orb spider (Spider:3)
  3 shadow demons
  3 skeletal warriors
  A sea snake (shapeshifter) (Zig:13)
  A spriggan simulacrum (Coc:2)
  A bog body (Crypt:3)
  A glowing orange brain (Slime:5)
  2 deep trolls
  A death drake (Zig:20)
  2 naga ritualists (Zig:27)
  An ironbound convoker (Vaults:4)
  An orc knight (Zig:25)
  A deep elf pyromancer (Zig:7)
  A deep elf zephyrmancer (Zig:4)
  2 fauns (Zig:21)
  An orc sorcerer (Zig:25)
  3 ugly things
  A worldbinder (Abyss:3)
  4 wolf spiders
  3 smoke demons
  3 moths of wrath
  3 kobold blastminers
  A rust devil (Hell)
  3 water nymphs (Zot:5)
  A titan simulacrum (Coc:4)
  2 hellions
  A freezing wraith (Coc:2)
  A kobold demonologist (Depths:3)
  3 yaktaurs
  An orange demon (Pan)
  4 tormentors
  An ancient zyme (Zig:22)
  2 guardian mummies
  An ice devil (Zig:6)
  A troll (Zig:25)
  A bloated husk (Zig:5)
  A hellwing (Pan)
  A hornet (Zig:14)
  A wind drake (Zig:8)
  A raiju (Zig:8)
  4 slime creatures (Zig:23)
  A wraith (Abyss:3)
  2 culicivoras (Spider:4)
  A vampire (D:9)
  8 yaks
  3 golden eyes (WizLab)
  A chaos spawn (Zig:24)
  2 vampire mosquitoes
  A neqoxec (Pan)
  A naga (Zig:27)
  A hell hound (Hell)
  2 orc warriors
  A laughing skull (Crypt:3)
  3 boggarts (Vaults:3)
  A brain worm (Pan)
  A naga simulacrum (Coc:4)
  A killer bee (Lair:3)
  An iron imp (Abyss:2)
  2 orc priests
  A sleepcap (D:6)
  2 orc wizards
  2 hell rats (Hell)
  11 mummies
  3 orcs (D:8)
  A giant cockroach (D:2)
  2 aspiring fleshes (Zig:24)
  5 ball lightnings (Pan)
  2 creeping infernos
  3 fire vortices
  27 foxfires
  32 starspawn tentacles
348 creatures vanquished.

Grand Total: 5130 creatures vanquished

Notes
Turn   | Place    | Note
-------+----------+-------------------------------------------
     0 | D:1      | december12 the Barachi Artificer began the quest for the
                  | Orb.
     0 | D:1      | Reached XP level 1. HP: 15/15 MP: 1/1
   211 | D:1      | Reached XP level 2. HP: 21/22 MP: 2/2
   317 | D:1      | Found a faded altar of an unknown god.
   647 | D:1      | Reached XP level 3. HP: 28/28 MP: 3/3
  1040 | D:2      | Found Xyrobar's Jewellery Shoppe.
  1278 | D:2      | Reached XP level 4. HP: 37/37 MP: 4/4
  1328 | D:2      | Noticed Sigmund
  1339 | D:2      | Killed Sigmund
  1340 | D:2      | Reached XP level 5. HP: 39/47 MP: 5/5
  1422 | D:2      | Reached XP level 6. HP: 44/53 MP: 6/6
  2194 | D:3      | Found an opulent altar of Gozag.
  2347 | D:3      | Reached skill level 1 in Long Blades
  3267 | D:4      | Reached XP level 7. HP: 61/62 MP: 7/7
  3496 | D:4      | Noticed Robin
  3536 | D:4      | Killed Robin
  3659 | D:4      | Found a runed translucent door.
  3659 | D:4      | Noticed a human
  3703 | D:4      | Noticed Eustachio
  3730 | D:4      | Killed Eustachio
  4109 | D:4      | Found a basalt altar of Yredelemnul.
  4137 | D:4      | Killed a human
  4287 | D:5      | Entered Level 5 of the Dungeon
  4294 | D:5      | Got the Information on Jinxing
  4412 | D:5      | Found a glowing silver altar of Zin.
  4598 | D:5      | You fall into a shaft and drop 1 floor!
  4648 | D:6      | Reached XP level 8. HP: 61/71 MP: 8/8
  4667 | D:6      | Found a sand-covered staircase.
  4673 | Ossuary  | Entered an ossuary
  5336 | D:5      | Reached skill level 5 in Long Blades
  5549 | D:5      | Found a staircase to the Ecumenical Temple.
  5655 | Temple   | Entered the Ecumenical Temple
  5833 | D:6      | Noticed Pikel
  5843 | D:6      | Reached skill level 10 in Fighting
  5852 | D:6      | Killed Pikel
  5853 | D:6      | Reached XP level 9. HP: 39/79 MP: 9/9
  6221 | D:6      | Reached skill level 5 in Dodging
  6902 | D:6      | Paralysed by an orc for 2 turns
  7109 | D:7      | Noticed a +0 spear
  7109 | D:7      | Noticed a +0 falchion
  7110 | D:7      | Noticed a +0 falchion
  7111 | D:7      | Noticed a +0 dagger
  7112 | D:7      | Noticed a +0 short sword
  7113 | D:7      | Noticed a +0 short sword
  7113 | D:7      | Noticed a +0 dagger
  7113 | D:7      | Noticed a +0 spear
  7118 | D:7      | Found a hide-covered altar of Uskayaw.
  7195 | D:7      | Found a broken altar of Ashenzari.
  7263 | D:7      | Reached XP level 10. HP: 75/89 MP: 10/10
  7319 | D:7      | Found a blossoming altar of Fedhas.
  7483 | D:7      | Found a shimmering blue altar of Sif Muna.
  7485 | D:7      | Found a shadowy altar of Dithmenos.
  7485 | D:7      | Found a basalt altar of Yredelemnul.
  7486 | D:7      | Found a shimmering altar of Xom.
  7486 | D:7      | Found an ornate altar of the Wu Jian Council.
  7486 | D:7      | Found a basalt altar of Yredelemnul.
  7510 | D:7      | Became a worshipper of Xom of Chaos
  7595 | D:7      | XOM: silly message
  7681 | D:7      | XOM: summons 1 hostile demon
  8040 | D:8      | XOM: draining
  8289 | D:8      | Noticed a kobold demonologist
  8305 | D:8      | Killed a kobold demonologist
  8322 | D:8      | XOM: summons friendly crimson imp
  8556 | D:8      | XOM: noise
  8625 | D:8      | XOM: 2-stop teleportation journey
  8793 | D:8      | XOM: noise
  9018 | D:8      | Found an ornate altar of the Wu Jian Council.
  9050 | D:8      | XOM: give mutations
  9050 | D:8      | Gained mutation: You occasionally lose the ability to read
                  | scrolls when taking damage. [Xom's mischief]
  9050 | D:8      | Gained mutation: You occasionally lose the ability to drink
                  | potions when taking damage. [Xom's mischief]
  9050 | D:8      | Gained mutation: Your spells are a little easier to cast,
                  | but a little less powerful. [Xom's mischief]
  9171 | D:8      | Reached skill level 10 in Long Blades
  9260 | D:8      | Noticed a kobold demonologist
  9273 | D:8      | Killed a kobold demonologist
  9325 | D:8      | XOM is BORED!
  9340 | D:8      | XOM: divine lightning
  9546 | D:9      | Found a staircase to the Lair.
  9656 | D:9      | Found a flagged portal.
  9675 | Bailey   | Entered a bailey
  9860 | Bailey   | Noticed an orc knight
  9871 | Bailey   | XOM: stat loss: -1 Dex (15/16)
  9885 | Bailey   | XOM: smoke on damage
  9909 | Bailey   | XOM: cleaving
  9925 | Bailey   | Killed an orc knight
 10235 | Bailey   | XOM: god gift: scroll of amnesia
 10392 | D:9      | XOM: scenery: 1 doors open, 1 doors close
 10415 | D:9      | Noticed a boulder beetle
 10415 | D:9      | XOM: cleaving
 10426 | D:9      | XOM: enchant monster (good)
 10431 | D:9      | Killed a boulder beetle
 10432 | D:9      | Reached XP level 11. HP: 79/98 MP: 11/11
 10480 | D:9      | Noticed a two-headed ogre
 10484 | D:9      | Killed a two-headed ogre
 10517 | D:9      | XOM: destruction
 10611 | D:9      | XOM: scenery: 1 doors open
 10685 | D:9      | Found a staircase to the Orcish Mines.
 10685 | D:9      | Noticed a two-headed ogre
 10702 | D:9      | XOM: cast spell 'Dispersal'
 10715 | D:9      | Killed a two-headed ogre
 10719 | D:9      | XOM: enchant monster (bad)
 10892 | D:9      | Noticed an obsidian statue
 10911 | D:9      | Noticed Psyche
 10913 | D:9      | Killed Psyche
 10944 | D:9      | XOM: summons friendly crimson imp
 11157 | D:9      | Found a snail-covered altar of Cheibriados.
 11221 | D:9      | Found a sparkling altar of Nemelex Xobeh.
 11615 | D:10     | Entered Level 10 of the Dungeon
 11728 | D:10     | Found a radiant altar of Vehumet.
 11728 | D:10     | Found a shadowy altar of Dithmenos.
 11893 | D:10     | XOM: cleaving
 11894 | D:10     | Noticed Lodul
 11917 | D:10     | XOM: summons 2 friendly demons
 11981 | D:10     | XOM: enchant monster (bad)
 11995 | D:10     | Killed Lodul
 12036 | D:10     | XOM: scenery: summon butterflies
 12089 | D:10     | XOM: god gift: hand axe {god gift}
 12137 | D:10     | XOM: stat loss: -1 Dex (15/16)
 12309 | D:10     | Found a white marble altar of Elyvilon.
 12607 | D:11     | Noticed Urug
 12607 | D:11     | XOM: silly message
 12613 | D:11     | Killed Urug
 12722 | D:11     | XOM: chaos cloud
 12729 | D:11     | XOM: confusion (+ monsters)
 12741 | D:11     | Reached XP level 12. HP: 103/107 MP: 12/12
 12749 | D:11     | XOM: confusion
 12751 | D:11     | XOM: summons 5 hostile demons
 12984 | D:11     | Found Pugeet's Overcharged Wands.
 13048 | D:11     | XOM: summons 1 hostile shadow creature
 13071 | D:11     | Noticed a two-headed ogre
 13076 | D:11     | XOM: chaos upgrade
 13081 | D:11     | Killed a two-headed ogre
 13401 | D:11     | XOM: torment (35/108 hp)
 13414 | D:11     | XOM: divination: detect creatures
 13724 | D:11     | Identified the +8 chain mail of Zaiqusij {rF+ rCorr}
 13836 | D:11     | XOM: give mutations
 13836 | D:11     | Gained mutation: Your flesh is heat resistant. (rF+) [Xom's
                  | mischief]
 13836 | D:11     | Lost mutation: Your flesh is heat resistant. (rF+) [Xom's
                  | mischief]
 13836 | D:11     | Gained mutation: You are frail. (-10% HP) [Xom's mischief]
 13836 | D:11     | Lost mutation: You are frail. (-10% HP) [Xom's mischief]
 13865 | D:11     | XOM: summons 7 hostile demons
 14312 | D:12     | Noticed a centaur warrior
 14364 | D:12     | Reached skill level 10 in Dodging
 14414 | D:12     | XOM: enchant monster (good)
 14444 | D:12     | Reached skill level 15 in Long Blades
 14481 | D:12     | Noticed Josephine
 14492 | D:12     | Killed Josephine
 14519 | D:12     | XOM: cast spell 'Death Channel'
 14586 | D:12     | Killed a centaur warrior
 14593 | D:12     | Reached skill level 15 in Fighting
 14709 | D:12     | Identified the +5 ring mail "Deojum" {rC+}
 14880 | D:12     | Identified the +1 barding of the Wasteland {+Inv rF+} (Xom
                  | gifted it to you on level 12 of the Dungeon)
 14880 | D:12     | XOM: god gift: +1 barding of the Wasteland {+Inv rF+}
 14943 | D:12     | XOM: scenery: create altars
 15066 | D:12     | XOM: give mutations
 15066 | D:12     | Gained mutation: Your body sometimes deteriorates upon
                  | taking damage. [Xom's mischief]
 15066 | D:12     | Lost mutation: You occasionally lose the ability to read
                  | scrolls when taking damage. [Xom's mischief]
 15066 | D:12     | Lost mutation: You occasionally lose the ability to drink
                  | potions when taking damage. [Xom's mischief]
 15066 | D:12     | Gained mutation: Armour fits poorly on your strangely
                  | shaped body. [Xom's mischief]
 15086 | D:12     | XOM: cloud trail
 15172 | D:13     | Noticed a centaur warrior
 15454 | D:13     | Killed a centaur warrior
 15455 | D:13     | Gained mutation: You can hop long distances. [Barachi
                  | growth]
 15455 | D:13     | Reached XP level 13. HP: 100/115 MP: 13/13
 15707 | D:13     | XOM: scenery: 2 doors open
 16395 | D:14     | Noticed Agnes
 16403 | D:14     | Killed Agnes
 16508 | D:14     | XOM: confuse monster(s)
 16532 | D:14     | XOM: cast spell 'Disjunction'
 16534 | D:14     | XOM: confuse monster(s)
 16737 | D:14     | XOM: 1-stop teleportation journey
 16752 | D:14     | Found a gate to the Vaults.
 16752 | D:14     | Noticed a vault guard
 16752 | D:14     | Noticed a vault guard
 16752 | D:14     | Noticed a vault guard
 16752 | D:14     | Noticed a vault guard
 16752 | D:14     | Noticed a vault guard
 16753 | D:14     | Noticed a vault guard
 16753 | D:14     | Noticed a vault guard
 16757 | D:14     | Killed a vault guard
 16757 | D:14     | Killed a vault guard
 16757 | D:14     | Killed a vault guard
 16758 | D:14     | Noticed a vault guard
 16758 | D:14     | XOM: swap monsters
 16761 | D:14     | Killed a vault guard
 16761 | D:14     | Killed a vault guard
 16762 | D:14     | Killed a vault guard
 16763 | D:14     | XOM: enchant monster (good)
 16771 | D:13     | Killed a vault guard
 16786 | D:13     | Learned a level 5 spell: Irradiate
 16907 | D:14     | XOM: fog
 16923 | D:13     | Killed a vault guard
 16935 | D:13     | Reached skill level 1 in Conjurations
 16935 | D:13     | Reached skill level 1 in Alchemy
 17086 | D:14     | Noticed a rakshasa
 17117 | D:14     | Killed a rakshasa
 17118 | D:14     | Reached skill level 1 in Spellcasting
 17416 | D:14     | Found a white marble altar of Elyvilon.
 17435 | D:14     | XOM: blink monster(s)
 17445 | D:13     | XOM: god gift: potion of curing
 17446 | D:13     | XOM: chaos upgrade
 17536 | D:14     | XOM: divination: detect items
 17614 | D:13     | Reached skill level 5 in Armour
 17659 | D:14     | XOM: confuse monster(s)
 17743 | D:14     | XOM: confuse monster(s)
 17746 | D:14     | Reached XP level 14. HP: 119/123 MP: 17/17
 17778 | D:14     | XOM: 2-stop teleportation journey
 17790 | D:14     | XOM is BORED!
 17891 | D:14     | XOM: god gift: falchion {god gift}
 18107 | D:15     | Entered Level 15 of the Dungeon
 18126 | D:15     | Found Pytemmi's Antique Armour Shoppe.
 18138 | D:15     | Identified the +0 pair of boots of Perpetual Drought
                  | {Stlth+}
 18201 | D:15     | XOM: summons friendly quasit
 18307 | D:15     | XOM: god gift: 49 gold pieces
 18347 | D:15     | XOM: 2-stop teleportation journey
 18359 | D:15     | XOM: enchant monster (good)
 18361 | D:15     | XOM: scenery: summon butterflies
 18365 | D:15     | XOM: 2-stop teleportation journey
 18583 | D:15     | XOM: destruction
 18611 | D:15     | XOM: confuse monster(s)
 18754 | D:15     | XOM: silly message
 18771 | D:15     | XOM: enchant monster (bad)
 18842 | D:15     | XOM: 5-stop teleportation journey
 18958 | D:14     | XOM: silly message
 19013 | D:15     | XOM: silly message
 19114 | D:14     | XOM: divination: magic mapping
 19167 | D:14     | XOM: scenery: 1 doors open, 1 doors close
 19248 | D:14     | XOM: divination: detect items
 19500 | D:15     | XOM: divination: detect creatures
 19582 | D:15     | Found a staircase to the Depths.
 19588 | D:15     | XOM: cloud trail
 19763 | D:15     | XOM: potion effect (might)
 20245 | D:15     | Found Pytemmi's Antique Armour Shoppe.
 20300 | D:15     | XOM: silly message
 20381 | D:15     | Found a staircase to the Depths.
 20575 | Lair:1   | Entered Level 1 of the Lair of Beasts
 20619 | Lair:1   | Reached skill level 5 in Alchemy
 20630 | Lair:1   | Reached skill level 5 in Conjurations
 20674 | Lair:1   | Found a gate leading to a gauntlet.
 20676 | Lair:1   | XOM: noise
 20697 | Gauntlet | Entered a Gauntlet
 20697 | Gauntlet | Found the +6 arbalest "Damnation" {damnation}
 20697 | Gauntlet | Found a transporter.
 20697 | Gauntlet | Found a transporter.
 20697 | Gauntlet | Found a transporter.
 20697 | Gauntlet | Found a transporter.
 20698 | Gauntlet | Found a transporter.
 20703 | Gauntlet | Found a transporter.
 20707 | Gauntlet | Found a transporter.
 20710 | Gauntlet | Found a transporter.
 20712 | Gauntlet | Found a transporter.
 20713 | Gauntlet | Found a transporter.
 20716 | Gauntlet | Noticed a dire elephant
 20720 | Gauntlet | Found a transporter.
 20725 | Gauntlet | Found a runed translucent door.
 20725 | Gauntlet | Found a transporter.
 20864 | Gauntlet | XOM: give mutations
 20864 | Gauntlet | Gained mutation: Your magical capacity is low. (-10% MP)
                  | [Xom's mischief]
 20864 | Gauntlet | Gained mutation: Your mind is acute. (Int +4, Str/Dex -1)
                  | [Xom's mischief]
 20864 | Gauntlet | Gained mutation: You passively map a small area around you.
                  | [Xom's mischief]
 20897 | Gauntlet | Identified the +3 chain mail "Ulleiq" {Regen+ Str+2 Dex+8
                  | Stlth-}
 20996 | Gauntlet | XOM: scenery: create altars
 21007 | Gauntlet | Reached skill level 5 in Spellcasting
 21074 | Gauntlet | XOM: give mutations
 21074 | Gauntlet | Gained mutation: You have a somewhat thin skeletal
                  | structure. (Dex +2, Stealth+) [Xom's grace]
 21074 | Gauntlet | Gained mutation: You possess an exceptional clarity of
                  | mind. [Xom's grace]
 21074 | Gauntlet | Gained mutation: You are somewhat resistant to further
                  | mutation. [Xom's grace]
 21087 | Gauntlet | Identified the +3 falchion "Fimooce" {elec, rElec Will++}
 21143 | Gauntlet | Identified the +6 mace of the Chain {flame, rN+}
 21144 | Gauntlet | Got Kikubaaqudgha's Commentary on Death
 21245 | Lair:1   | XOM: 2-stop teleportation journey
 21301 | Lair:1   | XOM: scenery: create altars
 21664 | Lair:1   | XOM: give mutations
 21664 | Lair:1   | Lost mutation: Your spells are a little easier to cast, but
                  | a little less powerful. [Xom's mischief]
 21664 | Lair:1   | Lost mutation: You possess an exceptional clarity of mind.
                  | [Xom's mischief]
 21833 | Lair:2   | Found a frozen archway.
 21894 | IceCv    | Entered an ice cave
 21954 | IceCv    | XOM: silly message
 21956 | IceCv    | XOM: noise
 21969 | IceCv    | XOM: summons 9 friendly demons
 21979 | IceCv    | XOM: give mutation
 21979 | IceCv    | Gained mutation: You have a pair of small horns on your
                  | head. [Xom's grace]
 22017 | IceCv    | XOM: summons friendly crimson imp
 22023 | IceCv    | XOM: scenery: create altars
 22053 | IceCv    | XOM: god gift: scroll of fog
 22154 | IceCv    | Noticed a frost giant
 22167 | IceCv    | Killed a frost giant
 22168 | IceCv    | Reached XP level 15. HP: 73/129 MP: 10/21
 22182 | IceCv    | XOM: scenery: create altars
 22193 | IceCv    | XOM: scenery: summon butterflies
 22201 | IceCv    | XOM: scenery: summon butterflies
 22390 | IceCv    | Identified the ring of Hyetiteh {Wiz rC+++ Int+3 Dex-5
                  | Slay+2}
 22518 | IceCv    | XOM: scenery: summon butterflies
 22877 | Lair:2   | Paralysed by a hornet for 2 turns
 23035 | Lair:2   | XOM: enchant monster (good)
 23040 | Lair:2   | XOM: divination: detect items
 23041 | Lair:2   | XOM: cast spell 'Leda's Liquefaction'
 23130 | Lair:2   | XOM: cloud trail
 23194 | Lair:2   | XOM: silly message
 23224 | Lair:2   | XOM: scenery: create altars
 23356 | Lair:3   | XOM: silly message
 23368 | Lair:3   | XOM: enchant monster (bad)
 23370 | Lair:3   | XOM: potion effect (magic)
 23464 | Lair:3   | Noticed Rupert
 23479 | Lair:3   | Killed Rupert
 23567 | Lair:3   | Found a hole to the Spider Nest.
 23654 | Lair:3   | XOM: potion effect (berserk rage)
 23665 | Lair:3   | XOM: confuse monster(s)
 23688 | Lair:3   | XOM: noise
 23901 | Lair:3   | XOM: scenery: summon butterflies
 23982 | Lair:3   | Found an iron altar of Okawaru.
 24027 | Lair:3   | Found a transporter.
 24030 | Lair:3   | Found a transporter.
 24030 | Lair:3   | Noticed Keckybboll's ghost (journeyman OpMo)
 24037 | Lair:3   | Found the +7 hand cannon "Mule" {flame, backblast, rF+}
 24252 | Lair:3   | XOM: potion effect (berserk rage)
 24377 | Lair:3   | Found a staircase to the Swamp.
 24450 | Lair:4   | XOM: confuse monster(s)
 24615 | Lair:3   | XOM: scenery: summon butterflies
 24677 | Lair:4   | XOM: summons 7 friendly demons
 24933 | Lair:4   | XOM: silly message
 25274 | Lair:5   | Entered Level 5 of the Lair of Beasts
 25338 | Lair:5   | XOM: destruction
 25348 | Lair:5   | XOM: potion effect (haste)
 25363 | Lair:5   | XOM: god gift: lumpy dark potion {god gift}
 25556 | Lair:5   | XOM: summons friendly iron imp
 25582 | Lair:5   | Found a staircase to the Slime Pits.
 25582 | Lair:5   | Found a viscous altar of Jiyva.
 25590 | Lair:5   | XOM: snakes to sticks
 25595 | Lair:5   | XOM: fog
 25601 | Lair:5   | Reached skill level 15 in Dodging
 25602 | Lair:5   | XOM: destruction
 25613 | Lair:5   | XOM: enchant monster (good)
 25615 | Lair:5   | XOM: blink monster(s)
 25633 | Lair:5   | XOM: cast spell 'Fugue of the Fallen'
 25636 | Lair:5   | Reached XP level 16. HP: 32/136 MP: 4/25
 25649 | Lair:5   | XOM: silly message
 25705 | Lair:5   | XOM: 1-stop teleportation journey
 26261 | Lair:5   | XOM: summons 1 hostile demon
 26276 | Lair:5   | XOM: noise
 26338 | Lair:5   | XOM is BORED!
 26742 | Lair:5   | XOM: confuse monster(s)
 26749 | Lair:5   | XOM: cast spell 'Olgreb's Toxic Radiance'
 26758 | Lair:5   | XOM: enchant monster (good)
 26764 | Lair:5   | Identified the +1 broad axe "Meup" {freeze, Will+}
 26766 | Lair:5   | XOM: give mutation
 26766 | Lair:5   | Gained mutation: Your natural rate of healing is unusually
                  | fast. [Xom's grace]
 26815 | Lair:5   | Learned a level 5 spell: Yara's Violent Unravelling
 26818 | Lair:5   | Learned a level 2 spell: Blink
 26821 | Lair:5   | Learned a level 2 spell: Lesser Beckoning
 26876 | Lair:5   | XOM: noise
 26909 | Lair:5   | XOM: blink monster(s)
 26920 | Lair:5   | Reached skill level 1 in Hexes
 26927 | Lair:5   | XOM: potion effect (berserk rage)
 26932 | Lair:5   | Reached skill level 1 in Translocations
 27076 | Lair:5   | XOM: cleaving
 27153 | Lair:5   | Learned a level 4 spell: Olgreb's Toxic Radiance
 27305 | D:9      | XOM: potion effect (brilliance)
 27352 | D:9      | XOM: give mutations
 27352 | D:9      | Gained mutation: Your movements are slightly less
                  | encumbered by armour. (ER -2) [Xom's grace]
 27352 | D:9      | Gained mutation: You are partially covered in iridescent
                  | scales. (AC +2) [Xom's grace]
 27352 | D:9      | Gained mutation: Your system is resistant to poisons.
                  | (rPois) [Xom's grace]
 27354 | Orc:1    | Entered Level 1 of the Orcish Mines
 27493 | Orc:2    | Entered Level 2 of the Orcish Mines
 27563 | Orc:1    | XOM: blink monster(s)
 27702 | Orc:1    | You are sucked into a shaft and drop 1 floor!
 27732 | Orc:2    | Found a staircase to the Elven Halls.
 28055 | Orc:2    | Found Cinlel's Armour Emporium.
 28055 | Orc:2    | Found Feceaceu's Distillery.
 28058 | Orc:2    | Found Hoaph's Book Shoppe.
 28060 | Orc:2    | Found Gungalya's Antique Weapon Boutique.
 28064 | Orc:2    | Bought a potion of enlightenment for 75 gold pieces
 28064 | Orc:2    | Bought 2 potions of lignification for 90 gold pieces
 28069 | Orc:2    | Identified a scroll of acquirement
 28074 | Orc:2    | Bought a book of the Moon for 600 gold pieces
 28080 | Orc:2    | Learned a level 5 spell: Silence
 28232 | Orc:2    | Reached skill level 1 in Air Magic
 28295 | Orc:2    | XOM: scenery: create altars
 28336 | Orc:2    | XOM: confuse monster(s)
 28384 | Orc:2    | XOM: cast spell 'Cause Fear'
 28459 | Orc:2    | XOM: give mutations
 28459 | Orc:2    | Lost mutation: You have a somewhat thin skeletal structure.
                  | (Dex +2, Stealth+) [Xom's mischief]
 28459 | Orc:2    | Gained mutation: Potions are less effective at restoring
                  | your health. [Xom's mischief]
 28472 | Orc:1    | Found Olivodykk's Distillery.
 28476 | Orc:1    | Bought a potion of invisibility for 120 gold pieces
 28567 | Orc:1    | Found Xiph's Armour Shop.
 28603 | Orc:1    | XOM: scenery: create altars
 28841 | Orc:2    | XOM: give mutations
 28841 | Orc:2    | Gained mutation: You are partially covered in large bone
                  | plates. (SH +4) [Xom's grace]
 28841 | Orc:2    | Gained mutation: Your flesh is cold resistant. (rC+) [Xom's
                  | grace]
 29134 | Lair:3   | XOM: destruction
 29140 | Lair:3   | Killed Keckybboll's ghost
 29161 | Lair:3   | Acquired a granite talisman
 29256 | Spider:1 | Entered Level 1 of the Spider Nest
 29264 | Lair:3   | XOM: summons friendly crimson imp
 29270 | Lair:3   | Reached skill level 1 in Shapeshifting
 29273 | Lair:3   | XOM: scenery: create altars
 29275 | Lair:3   | XOM: god gift: 2 silver javelins
 29451 | Spider:1 | XOM: summons 2 friendly demons
 29651 | Spider:1 | Lost mutation: You are somewhat resistant to further
                  | mutation. [mutagenic glow]
 29799 | Spider:1 | XOM: cleaving
 29820 | Lair:3   | Reached skill level 5 in Shapeshifting
 29897 | Lair:3   | XOM: scenery: summon butterflies
 29953 | Lair:3   | XOM: summons 13 friendly demons
 30069 | Spider:1 | XOM: summons 8 friendly demons
 30087 | Spider:1 | Reached XP level 17. HP: 129/142 MP: 15/27
 30284 | Spider:1 | XOM: cloud trail
 30298 | Spider:1 | Reached XP level 18. HP: 149/149 MP: 20/28
 30355 | Spider:1 | XOM: 2-stop teleportation journey
 30489 | Spider:1 | XOM: silly message
 30582 | Spider:1 | XOM: divination: detect creatures
 30607 | Spider:2 | XOM: potion effect (brilliance)
 30652 | Spider:2 | XOM: divination: detect creatures
 30658 | Spider:2 | Identified the serpent talisman of Tusuixty {rN+}
 30658 | Spider:2 | Noticed Aizul
 30660 | Spider:2 | XOM: silly message
 30694 | Spider:1 | XOM: silly message
 30781 | Spider:2 | XOM: silly message
 30801 | Spider:2 | Killed Aizul
 30884 | Spider:2 | XOM: smoke on damage
 30937 | Spider:2 | XOM: silly message
 30961 | Spider:2 | XOM: divination: detect items
 30983 | Spider:2 | Noticed Frances
 31143 | Spider:2 | Reached skill level 10 in Shapeshifting
 31227 | Spider:2 | XOM: summons 2 friendly demons
 31228 | Spider:2 | XOM: divination: magic mapping
 31312 | Spider:2 | XOM: divination: detect creatures
 31388 | Spider:2 | XOM: noise
 31528 | Spider:2 | XOM: cast spell 'Iskenderun's Battlesphere'
 31541 | Spider:2 | Killed Frances
 32063 | Spider:3 | XOM: cast spell 'Olgreb's Toxic Radiance'
 32066 | Spider:3 | XOM: divination: detect creatures
 32381 | Spider:3 | XOM: 2-stop teleportation journey
 32413 | Spider:3 | XOM: cast spell 'Animate Armour'
 32464 | Spider:3 | XOM: noise
 32470 | Spider:3 | XOM: give mutations
 32470 | Spider:3 | Lost mutation: Your body sometimes deteriorates upon taking
                  | damage. [Xom's mischief]
 32470 | Spider:3 | Gained mutation: You have sharp toenails. [Xom's mischief]
 32470 | Spider:3 | Lost mutation: You are partially covered in iridescent
                  | scales. (AC +2) [Xom's mischief]
 32470 | Spider:3 | Lost mutation: Your system is resistant to poisons. (rPois)
                  | [Xom's mischief]
 32486 | Spider:3 | XOM: divination: magic mapping
 32648 | Spider:3 | XOM: noise
 32654 | Spider:3 | XOM: smoke on damage
 32831 | Spider:3 | Gained mutation: You sometimes lose your temper in combat.
                  | [mutagenic glow]
 32933 | Spider:3 | XOM: confusion
 33086 | Spider:3 | XOM: polymorph spark wasp -> storm dragon
 33110 | Spider:3 | XOM: divine lightning
 33220 | Spider:3 | XOM: fake destruction
 33261 | Spider:3 | XOM: 2-stop teleportation journey
 33318 | Spider:3 | XOM: 1-stop teleportation journey
 33320 | Spider:3 | XOM: summons 1 hostile demon
 33347 | Spider:3 | XOM: polymorph something unseen -> alligator
 33461 | Spider:3 | XOM: 1-stop teleportation journey
 33499 | Spider:3 | Identified the +7 quarterstaff "Xah Veuh" {antimagic, rElec
                  | rF+ Int+4}
 33767 | Spider:3 | XOM: silly message
 33898 | Spider:3 | XOM: divination: detect items
 34198 | Lair:1   | XOM: silly message
 34284 | Spider:4 | Entered Level 4 of the Spider Nest
 34295 | Spider:4 | XOM: silly message
 34315 | Spider:3 | XOM: god gift: 31 gold pieces
 34333 | Spider:3 | XOM: god gift: steaming plate armour {god gift}
 34333 | Spider:3 | Identified the +5 plate armour of Parts Unknown {rElec
                  | Int+3 Dex+2} (Xom gifted it to you on level 3 of the Spider
                  | Nest)
 34410 | Spider:4 | XOM: polymorph jumping spider -> steam dragon
 34411 | Spider:4 | XOM: cast spell 'Alistair's Intoxication'
 34510 | Spider:4 | Reached XP level 19. HP: 125/155 MP: 3/29
 34827 | Spider:4 | XOM: god gift: 56 gold pieces
 34855 | Spider:4 | XOM: noise
 34867 | Spider:4 | Reached skill level 15 in Shapeshifting
 34895 | Spider:4 | XOM: summons 4 friendly demons
 34916 | Spider:4 | XOM: enchant monster (good)
 35200 | Spider:4 | XOM: enchant monster (bad)
 35431 | Spider:4 | Got a gossamer rune of Zot
 35491 | Spider:4 | Learned a level 4 spell: Passage of Golubria
 35645 | Swamp:1  | Entered Level 1 of the Swamp
 35701 | Swamp:1  | XOM: cast spell 'Iskenderun's Battlesphere'
 35703 | Swamp:1  | XOM: silly message
 35716 | Swamp:1  | Reached skill level 5 in Hexes
 35730 | Swamp:1  | XOM: confuse monster(s)
 35840 | Swamp:1  | XOM: fog
 35841 | Swamp:1  | XOM: blink monster(s)
 35843 | Swamp:1  | XOM: enchant monster (bad)
 36591 | Swamp:2  | XOM: summons 8 friendly demons
 36696 | Swamp:1  | Reached skill level 10 in Spellcasting
 36712 | Swamp:2  | XOM: cast spell 'Olgreb's Toxic Radiance'
 36857 | Swamp:1  | XOM: noise
 36859 | Swamp:1  | XOM: noise
 36868 | Swamp:1  | XOM: enchant monster (good)
 37479 | Swamp:3  | XOM: noise
 37672 | Swamp:3  | Reached skill level 5 in Translocations
 37725 | Swamp:3  | XOM: summons friendly shadow imp
 37868 | Swamp:3  | XOM: silly message
 37999 | Swamp:4  | Entered Level 4 of the Swamp
 37999 | Swamp:4  | Noticed a tentacled monstrosity
 38003 | Swamp:4  | XOM: silly message
 38007 | Swamp:4  | Killed a tentacled monstrosity
 38016 | Swamp:4  | Found a hide-covered altar of Uskayaw.
 38143 | Swamp:3  | XOM: silly message
 38182 | Swamp:4  | XOM: potion effect (brilliance)
 38242 | Swamp:4  | Noticed a tentacled monstrosity
 38253 | Swamp:3  | Killed a tentacled monstrosity
 38340 | Swamp:4  | Reached skill level 5 in Air Magic
 38392 | Swamp:4  | XOM: noise
 38408 | Swamp:4  | Reached XP level 20. HP: 107/164 MP: 7/31
 38593 | Swamp:4  | XOM: silly message
 38708 | Swamp:4  | XOM: divination: magic mapping
 38740 | Swamp:4  | Paralysed by an ogre mage for 2 turns
 38919 | Swamp:4  | Paralysed by a fenstrider witch for 5 turns
 38958 | Swamp:4  | XOM: silly message
 38993 | Swamp:4  | XOM: cloud trail
 39049 | Swamp:4  | Got a decaying rune of Zot
 39101 | Swamp:4  | XOM: cast spell 'Fugue of the Fallen'
 39132 | Swamp:4  | Learned a level 7 spell: Enfeeble
 39332 | D:9      | XOM: scenery: summon butterflies
 39360 | Orc:2    | XOM: silly message
 39392 | Orc:2    | Bought a potion of heal wounds for 75 gold pieces
 39411 | Elf:1    | Entered Level 1 of the Elven Halls
 39453 | Elf:1    | XOM: divination: magic mapping
 39460 | Elf:1    | XOM: noise
 39467 | Elf:1    | Reached skill level 10 in Hexes
 39473 | Elf:1    | XOM: enchant monster (good)
 39513 | Elf:1    | XOM: summons 1 hostile demon
 39517 | Elf:1    | Got Sif Muna's Tractate on Attendants
 39520 | Elf:1    | XOM: 2-stop teleportation journey
 39555 | Elf:1    | XOM: noise
 39587 | Elf:1    | XOM: swap monsters
 39590 | Elf:1    | XOM: polymorph rust devil -> red devil
 39714 | Elf:1    | XOM: swap monsters
 39730 | Elf:1    | XOM: chaos upgrade
 39731 | Elf:1    | XOM: cast spell 'Fugue of the Fallen'
 39902 | Elf:1    | XOM: silly message
 39925 | Elf:1    | XOM: silly message
 40155 | Elf:1    | XOM: silly message
 40272 | Elf:1    | Learned a level 5 spell: Summon Mana Viper
 40353 | Elf:2    | XOM: silly message
 40392 | Elf:2    | Paralysed by an air elemental for 1 turns
 40395 | Elf:2    | Paralysed by an air elemental for 1 turns
 40429 | Elf:2    | Found Dasecw's Antique Armour Boutique.
 40441 | Elf:2    | Bought a glowing hat for 273 gold pieces
 40658 | Elf:2    | Found a runed translucent gate.
 40659 | Elf:2    | Found a runed translucent gate.
 40659 | Elf:2    | Found a runed translucent gate.
 40757 | Elf:2    | XOM: silly message
 40829 | Elf:2    | XOM: silly message
 40947 | Elf:2    | XOM: potion effect (might)
 41245 | Elf:2    | XOM: cast spell 'Summon Ice Beast'
 41398 | Elf:2    | XOM: cloud trail
 41486 | Elf:3    | Entered Level 3 of the Elven Halls
 41589 | Elf:3    | Found a roughly hewn altar of Beogh.
 41590 | Elf:3    | XOM: swap monsters
 41596 | Elf:3    | XOM: divination: detect creatures
 41785 | Elf:3    | Noticed Louise
 41797 | Elf:3    | Killed Louise
 41827 | Elf:3    | XOM: divination: detect creatures
 41847 | Elf:3    | Found a shimmering blue altar of Sif Muna.
 41852 | Elf:3    | XOM: blink monster(s)
 41952 | Elf:3    | XOM: divination: magic mapping
 41978 | Elf:3    | Reached XP level 21. HP: 171/171 MP: 26/33
 42030 | Elf:3    | Noticed Roxanne
 42147 | Elf:3    | Found the +8 lance "Wyrmbane" {slay drac, rPois rF+ rC+
                  | AC+3}
 42147 | Elf:3    | XOM: 3-stop teleportation journey
 42263 | Elf:3    | Killed Roxanne
 42372 | Elf:3    | XOM: summons friendly white imp
 42601 | Elf:3    | XOM: summons 4 friendly demons
 42646 | Elf:3    | XOM: confusion
 42727 | Elf:3    | XOM: summons friendly quasit
 42741 | Elf:3    | XOM: summons 6 friendly demons
 42753 | Elf:3    | XOM: god gift: 21 gold pieces
 42944 | Elf:3    | XOM: draining
 42950 | Elf:3    | Identified the +3 trident "Beastslayer" {flame, rN++ Str-3
                  | Dex+3 Stlth+}
 42952 | Elf:3    | Identified the +4 spear of the Trees {spect, rElec Dex+4}
 42986 | Elf:3    | Identified the +1 cloak of Death's Door {+Blink rPois Int-2
                  | Dex-5}
 43010 | Elf:3    | XOM: god gift: scale mail {god gift}
 43011 | Elf:3    | Identified the +1 dagger of Laceration {freeze, *Noise rC++
                  | Str+2}
 43018 | Elf:3    | Identified the +5 shortbow "Rosmalae" {freeze, rElec rF+}
 43019 | Elf:3    | Identified the +0 plate armour of Privacy {rF+ rCorr Int+2}
 43030 | Elf:3    | Identified the -2 helmet of the Boiling Point {*Slow rElec
                  | rCorr Str+3}
 43036 | Elf:3    | Identified the +6 sling of Hospitality {flame, rN+ MP+9
                  | Str+5}
 43309 | D:14     | XOM: give mutations
 43309 | D:14     | Gained mutation: Your mind is very acute. (Int +8, Str/Dex
                  | -2) [Xom's grace]
 43309 | D:14     | Lost mutation: You sometimes lose your temper in combat.
                  | [Xom's grace]
 43359 | Vaults:1 | Entered Level 1 of the Vaults
 43607 | Vaults:1 | XOM: enchant monster (good)
 43617 | Vaults:1 | XOM: summons friendly iron imp
 43645 | Vaults:1 | XOM: fog
 43809 | Vaults:1 | XOM: divination: detect items
 43941 | Vaults:1 | XOM: god gift: +0 pair of gloves of infusion
 44059 | Vaults:1 | XOM: fog
 44077 | Vaults:1 | Reached skill level 15 in Hexes
 44100 | Vaults:1 | XOM: give mutations
 44100 | Vaults:1 | Gained mutation: You expend magic power (3 MP) to
                  | strengthen your wands. [Xom's grace]
 44100 | Vaults:1 | Gained mutation: Your muscles are strong. (Str +4, Int/Dex
                  | -1) [Xom's grace]
 44471 | Vaults:1 | XOM is BORED!
 44471 | Vaults:1 | XOM: summons 4 hostile shadow creatures
 44674 | D:14     | XOM: give mutations
 44674 | D:14     | Lost mutation: Armour fits poorly on your strangely shaped
                  | body. [Xom's mischief]
 44674 | D:14     | Gained mutation: You passively map the area around you.
                  | [Xom's mischief]
 44694 | D:14     | XOM: god gift: coppery potion {god gift}
 44767 | D:9      | XOM: cloud trail
 44810 | Lair:3   | XOM: god gift: potion of brilliance
 45141 | Swamp:3  | XOM: cloud trail
 45414 | Vaults:1 | XOM: give mutations
 45414 | Vaults:1 | Gained mutation: You are agile. (Dex +4, Str/Int -1) [Xom's
                  | grace]
 45414 | Vaults:1 | Gained mutation: You are strong-willed. (Will+) [Xom's
                  | grace]
 45759 | Vaults:1 | Found a runed translucent gate.
 45759 | Vaults:1 | Found a runed translucent gate.
 45759 | Vaults:1 | Found a runed translucent gate.
 45759 | Vaults:1 | Noticed Ycago's ghost (veteran GrGl)
 45978 | Vaults:1 | XOM: noise
 46022 | Vaults:2 | XOM: cloud trail
 46036 | Vaults:2 | Noticed Zenata
 46046 | Vaults:2 | Killed Zenata
 46068 | Vaults:2 | Noticed Mara
 46078 | Vaults:1 | XOM: enchant monster (good)
 46297 | Vaults:2 | XOM: summons 9 hostile demons
 46321 | Vaults:2 | Noticed december12's illusion
 46331 | Vaults:2 | XOM: 2-stop teleportation journey
 46343 | Vaults:2 | Reached XP level 22. HP: 178/178 MP: 2/35
 46584 | Vaults:2 | XOM: swap monsters
 46792 | Vaults:2 | Found Lalip's Magic Scroll Emporium.
 46830 | Vaults:2 | Killed Mara
 46850 | Vaults:2 | XOM: summons 1 hostile demon
 46897 | Vaults:2 | XOM: polymorph mana viper -> shapeshifter
 46925 | Vaults:2 | XOM: silly message
 47042 | Vaults:2 | Found a staircase to the Crypt.
 47096 | Vaults:2 | XOM: give mutations
 47096 | Vaults:2 | Lost mutation: You are agile. (Dex +4, Str/Int -1) [Xom's
                  | mischief]
 47096 | Vaults:2 | Lost mutation: You have sharp toenails. [Xom's mischief]
 47096 | Vaults:2 | Gained mutation: Your magical capacity is very low. (-20%
                  | MP) [Xom's mischief]
 47096 | Vaults:2 | Lost mutation: Your muscles are strong. (Str +4, Int/Dex
                  | -1) [Xom's mischief]
 47207 | Vaults:2 | Learned a level 8 spell: Discord
 47566 | Vaults:3 | Found the amulet of Vitality {Regen++ RegenMP++}
 47638 | Vaults:3 | XOM: smoke on damage
 47821 | Vaults:3 | XOM: give mutations
 47821 | Vaults:3 | Gained mutation: You have very sharp teeth. [Xom's grace]
 47821 | Vaults:3 | Gained mutation: You are agile. (Dex +4, Str/Int -1) [Xom's
                  | grace]
 47821 | Vaults:3 | Gained mutation: Your flesh is very cold resistant. (rC++)
                  | [Xom's grace]
 47884 | Vaults:3 | XOM: give mutations
 47884 | Vaults:3 | Lost mutation: You passively map the area around you.
                  | [Xom's mischief]
 47884 | Vaults:3 | Lost mutation: You are partially covered in large bone
                  | plates. (SH +4) [Xom's mischief]
 47884 | Vaults:3 | Lost mutation: You are strong-willed. (Will+) [Xom's
                  | mischief]
 47886 | Vaults:3 | XOM: torment (180/231 hp)
 47889 | Vaults:3 | Reached skill level 15 in Spellcasting
 47964 | Vaults:3 | XOM: enchant monster (good)
 47981 | Vaults:3 | Got Sif Muna's Vellum of the Indurated Wendigo
 48007 | Vaults:3 | XOM: god gift: ring of positive energy
 48143 | Vaults:3 | XOM: god gift: 3 stones
 48161 | Vaults:3 | Identified the +3 ring mail of Noughts and Crosses {Fly
                  | rN+}
 48611 | Vaults:4 | Identified the +0 plate armour of Supple Strength {Dex+3}
 48666 | Vaults:4 | Reached skill level 1 in Ice Magic
 48815 | Vaults:4 | XOM: silly message
 48892 | Vaults:4 | XOM: 1-stop teleportation journey
 48985 | Vaults:4 | Reached skill level 5 in Ice Magic
 49085 | Vaults:4 | XOM: scenery: 2 doors open
 49253 | Vaults:4 | Reached XP level 23. HP: 184/184 MP: 34/34
 49399 | Vaults:4 | Found Qunerri's Weapon Shoppe.
 49468 | Vaults:4 | XOM: noise
 49530 | Vaults:4 | Identified the +1 robe "Oschuer" {*Corrode Regen+ Dex+5}
 49538 | Vaults:4 | Found a radiant altar of Vehumet.
 49545 | Vaults:4 | Identified the +1 hat "Satoor" {Will++}
 49549 | Vaults:4 | Identified the +2 robe of the Monk {Harm rElec rPois
                  | Stlth-}
 49566 | Vaults:4 | Identified the +0 hat of Fortification {Str+5}
 49825 | Crypt:1  | Entered Level 1 of the Crypt
 49894 | Crypt:1  | XOM: swap monsters
 49895 | Crypt:1  | XOM: give mutation
 49895 | Crypt:1  | Lost mutation: Potions are less effective at restoring your
                  | health. [Xom's mischief]
 50212 | Crypt:1  | XOM: chaos cloud
 50226 | Crypt:1  | XOM: 3-stop teleportation journey
 50758 | Crypt:2  | XOM: repel stairs
 50830 | Crypt:2  | Found a magical portal.
 50844 | Crypt:2  | XOM: confuse monster(s)
 50889 | WizLab   | Entered Lehudib's Moon Base
 50911 | WizLab   | Reached skill level 10 in Ice Magic
 50917 | WizLab   | XOM: give mutation
 50917 | WizLab   | Lost mutation: You passively map a small area around you.
                  | [Xom's mischief]
 50918 | WizLab   | XOM: 2-stop teleportation journey
 51001 | WizLab   | XOM: blink monster(s)
 51027 | WizLab   | Found a transporter.
 51037 | WizLab   | XOM: destruction
 51114 | WizLab   | XOM: silly message
 51245 | WizLab   | Found a transporter.
 51246 | WizLab   | Found the +11 plutonium sword {^Contam Stlth-}
 51480 | WizLab   | XOM: potion effect (attraction)
 51635 | WizLab   | XOM: silly message
 51647 | WizLab   | Paralysed by accursed screaming for 1 turns
 51652 | WizLab   | Paralysed by accursed screaming for 1 turns
 51730 | WizLab   | XOM: enchant monster (good)
 51734 | WizLab   | XOM: silly message
 51794 | WizLab   | Identified the ring of Loithrivy {rF- rCorr Str+2 Int+6
                  | Slay+3}
 51904 | WizLab   | XOM: cast spell 'Leda's Liquefaction'
 51918 | WizLab   | XOM: confuse monster(s)
 51944 | WizLab   | Identified the +5 trident of the Equator {flame, rN+ Str+2}
 52016 | Crypt:2  | XOM: silly message
 52262 | Crypt:2  | XOM: noise
 52424 | Crypt:2  | XOM: silly message
 52437 | Crypt:2  | Reached XP level 24. HP: 189/189 MP: 35/35
 52513 | Crypt:2  | XOM: silly message
 52547 | Crypt:3  | Entered Level 3 of the Crypt
 52673 | Crypt:3  | XOM: cloud trail
 52755 | Crypt:3  | Learned a level 7 spell: Ozocubu's Refrigeration
 52814 | Crypt:3  | XOM: fake destruction
 52818 | Crypt:3  | XOM: fog
 52823 | Crypt:3  | Found a basalt altar of Yredelemnul.
 52941 | Crypt:3  | XOM: enchant monster (good)
 52959 | Crypt:3  | XOM: 2-stop teleportation journey
 52966 | Crypt:3  | XOM: stat loss: -1 Int (25/26)
 53011 | Crypt:3  | XOM: summons friendly shadow imp
 53058 | Crypt:3  | Reached skill level 15 in Ice Magic
 53091 | Crypt:3  | XOM: potion effect (might)
 53111 | Crypt:3  | XOM: enchant monster (good)
 53170 | Crypt:3  | Noticed Jory
 53180 | Crypt:3  | Killed Jory
 53272 | Crypt:3  | Found a staircase to the Tomb.
 53301 | Crypt:3  | XOM: god gift: chain mail {god gift}
 53304 | Crypt:3  | Identified the +6 falchion of the Swamp {flame, *Noise
                  | rElec Int+7 SInv}
 53324 | Crypt:3  | XOM: give mutations
 53324 | Crypt:3  | Gained mutation: You are partially covered in iridescent
                  | scales. (AC +2) [Xom's grace]
 53324 | Crypt:3  | Gained mutation: You are robust. (+10% HP) [Xom's grace]
 53324 | Crypt:3  | Gained mutation: You are mostly covered in iridescent
                  | scales. (AC +4) [Xom's grace]
 53394 | Crypt:3  | XOM: scenery: summon butterflies
 53435 | Crypt:3  | Got the Almanac of Black Arts
 53505 | Crypt:3  | Identified the staff "Aubergine" {+Blink rPois Will++ Conj
                  | Summ}
 53749 | Depths:1 | Entered Level 1 of the Depths
 53753 | Depths:1 | XOM: silly message
 53755 | Depths:1 | XOM: enchant monster (bad)
 53998 | Depths:1 | Found a broken altar of Ashenzari.
 54040 | Depths:1 | XOM: potion effect (magic)
 54073 | Depths:1 | Found a gateway to Hell.
 54175 | Depths:1 | XOM: noise
 54198 | Depths:1 | XOM: silly message
 54278 | Depths:1 | XOM: silly message
 54324 | Depths:1 | XOM: silly message
 54554 | Depths:2 | XOM: enchant monster (bad)
 54606 | Depths:2 | XOM: noise
 54629 | Depths:2 | XOM: confuse monster(s)
 54738 | Depths:2 | XOM: potion effect (brilliance)
 54928 | Depths:2 | Found a one-way gate to the infinite horrors of the Abyss.
 55162 | Depths:2 | Found a one-way gate leading to the halls of Pandemonium.
 55500 | Depths:3 | Noticed Norris
 55505 | Depths:3 | Norris changed into Norris the eleionoma
 55505 | Depths:3 | Noticed Norris
 55505 | Depths:3 | XOM: polymorph Norris -> Norris the eleionoma
 55505 | Depths:3 | Killed Norris the eleionoma
 55546 | Depths:3 | Found a one-way gateway to a ziggurat.
 55569 | Depths:3 | Reached XP level 25. HP: 216/216 MP: 31/36
 55572 | Depths:3 | XOM: confuse monster(s)
 55598 | Depths:3 | XOM: summons friendly quasit
 55601 | Depths:3 | XOM: summons 2 friendly demons
 55613 | Depths:3 | Identified the ring "Gixkum" {Ice rN+ Will+ Int+5 Stlth-}
 55621 | Depths:3 | XOM: silly message
 55636 | Depths:3 | XOM: cast spell 'Summon Small Mammal'
 55797 | Depths:3 | Identified the +7 falchion of the Salmon {spect, rPois rC+
                  | rCorr Str-3}
 55825 | Depths:3 | XOM: summons 6 friendly demons
 55856 | Depths:3 | XOM: cast spell 'Summon Small Mammal'
 55864 | Depths:3 | XOM: 2-stop teleportation journey
 55936 | Depths:3 | Noticed Margery
 55947 | Depths:3 | Killed Margery
 56209 | Depths:3 | Found a shimmering blue altar of Sif Muna.
 56282 | Depths:3 | Identified the orb "Zeut" {*channel, Summ}
 56644 | Depths:4 | Entered Level 4 of the Depths
 56716 | Depths:4 | Learned a level 9 spell: Polar Vortex
 56727 | Depths:3 | XOM: divination: detect items
 56734 | Depths:4 | Learned a level 3 spell: Passwall
 56792 | Depths:4 | Found a gate to the Realm of Zot.
 57061 | Depths:4 | XOM: noise
 57170 | Depths:4 | Found a shimmering blue altar of Sif Muna.
 57189 | Depths:4 | Reached XP level 26. HP: 224/224 MP: 34/37
 57366 | Depths:4 | XOM: cloud trail
 57431 | Depths:4 | Learned a level 1 spell: Apportation
 57572 | Vaults:2 | XOM: noise
 57677 | Vaults:5 | Entered Level 5 of the Vaults
 57677 | Vaults:5 | XOM: potion effect (might)
 57706 | Vaults:5 | XOM: enchant monster (good)
 57766 | Vaults:5 | Noticed an ancient lich
 57774 | Vaults:4 | Killed an ancient lich
 57824 | Vaults:5 | XOM: enchant monster (good)
 57901 | Vaults:5 | XOM: divination: detect creatures
 57955 | Vaults:5 | Identified the +0 leather armour of Lismool {rN+ Slay+3}
 57973 | Vaults:5 | XOM: enchant monster (good)
 58130 | Vaults:5 | Identified the +6 sling of the Usurping Moth {drain, rC++}
 58283 | Vaults:5 | Identified the +5 mace "Quuron" {heavy, rElec Will+}
 58293 | Vaults:5 | Got a silver rune of Zot
 58651 | Vaults:5 | Identified the ring of Wonder {rElec rCorr Int-4 Dex+3
                  | SInv}
 58976 | Vaults:2 | Bought a scroll of vulnerability for 56 gold pieces
 58976 | Vaults:2 | Bought a scroll of silence for 133 gold pieces
 58976 | Vaults:2 | Bought a scroll of fear for 56 gold pieces
 58976 | Vaults:2 | Bought a scroll of immolation for 56 gold pieces
 59204 | Orc:2    | Bought 2 potions of haste for 300 gold pieces
 59204 | Orc:2    | Bought a potion of curing for 45 gold pieces
 59204 | Orc:2    | Bought a potion of attraction for 45 gold pieces
 59247 | Orc:1    | Bought a potion of lignification for 45 gold pieces
 59247 | Orc:1    | Bought a potion of brilliance for 60 gold pieces
 59247 | Orc:1    | Bought a potion of curing for 45 gold pieces
 59247 | Orc:1    | Bought a potion of curing for 45 gold pieces
 59247 | Orc:1    | Bought 2 potions of haste for 300 gold pieces
 59247 | Orc:1    | Bought a potion of haste for 150 gold pieces
 59247 | Orc:1    | Bought a potion of brilliance for 60 gold pieces
 59383 | D:11     | Bought a wand of digging (11) for 693 gold pieces
 59383 | D:11     | Bought a wand of paralysis (18) for 648 gold pieces
 59383 | D:11     | Bought a wand of light (18) for 1134 gold pieces
 59383 | D:11     | Bought a wand of digging (11) for 693 gold pieces
 59682 | Tomb:1   | Entered Level 1 of the Tomb of the Ancients
 59862 | Tomb:1   | XOM: cast spell 'Leda's Liquefaction'
 59868 | Tomb:1   | Noticed a royal mummy
 59872 | Tomb:1   | XOM: summons friendly shadow imp
 59878 | Tomb:1   | Killed a royal mummy
 59879 | Tomb:1   | Reached skill level 1 in Earth Magic
 59879 | Tomb:1   | Reached XP level 27. HP: 212/236 MP: 29/38
 59924 | Tomb:1   | Noticed a royal mummy
 59924 | Tomb:1   | XOM: 2-stop teleportation journey
 59926 | Tomb:1   | Noticed a royal mummy
 59929 | Tomb:1   | XOM: god gift: potion of lignification
 59931 | Tomb:1   | Killed a royal mummy
 59931 | Tomb:1   | Noticed a royal mummy
 59936 | Tomb:1   | Killed a royal mummy
 59942 | Tomb:1   | Killed a royal mummy
 59962 | Tomb:1   | Noticed a royal mummy
 59970 | Tomb:1   | XOM: summons friendly ufetubus
 59970 | Tomb:1   | Killed a royal mummy
 60001 | Tomb:1   | Noticed a royal mummy
 60016 | Tomb:1   | Killed a royal mummy
 60017 | Tomb:1   | Noticed a royal mummy
 60034 | Tomb:1   | Killed a royal mummy
 60102 | Tomb:1   | Noticed a royal mummy
 60104 | Tomb:1   | Noticed a royal mummy
 60125 | Tomb:1   | XOM: cleaving
 60128 | Tomb:1   | Killed a royal mummy
 60132 | Tomb:1   | Killed a royal mummy
 60170 | Tomb:1   | Noticed a royal mummy
 60171 | Tomb:1   | XOM: summons friendly iron imp
 60187 | Tomb:1   | Killed a royal mummy
 60192 | Tomb:1   | Noticed a royal mummy
 60220 | Tomb:1   | Killed a royal mummy
 60241 | Tomb:1   | Noticed a royal mummy
 60249 | Tomb:1   | Killed a royal mummy
 60280 | Tomb:1   | Noticed a royal mummy
 60295 | Tomb:1   | Killed a royal mummy
 60327 | Tomb:1   | Noticed a royal mummy
 60335 | Tomb:1   | Noticed a royal mummy
 60342 | Tomb:1   | Killed a royal mummy
 60358 | Tomb:1   | Killed a royal mummy
 60385 | Tomb:1   | Noticed a royal mummy
 60394 | Tomb:1   | XOM: potion effect (curing)
 60400 | Tomb:1   | Killed a royal mummy
 60414 | Tomb:1   | Noticed a royal mummy
 60421 | Tomb:1   | Noticed a royal mummy
 60422 | Tomb:1   | Noticed a royal mummy
 60427 | Tomb:1   | Killed a royal mummy
 60428 | Tomb:1   | Killed a royal mummy
 60440 | Tomb:1   | Killed a royal mummy
 60494 | Tomb:1   | Noticed a royal mummy
 60498 | Tomb:1   | Killed a royal mummy
 60607 | Tomb:1   | XOM: summons 2 hostile demons
 60623 | Tomb:2   | XOM: cleaving
 60632 | Tomb:2   | Gained mutation: Your health recovers twice as slowly from
                  | being drained. [mutagenic glow]
 60640 | Tomb:2   | Lost mutation: You are agile. (Dex +4, Str/Int -1)
                  | [mutagenic glow]
 60740 | Tomb:2   | Learned a level 4 spell: Vhi's Electric Charge
 60748 | Tomb:3   | Entered Level 3 of the Tomb of the Ancients
 60759 | Tomb:3   | Noticed a royal mummy
 60759 | Tomb:3   | Noticed a royal mummy
 60761 | Tomb:3   | Noticed a royal mummy
 60761 | Tomb:3   | Noticed a royal mummy
 60761 | Tomb:3   | Noticed a royal mummy
 60762 | Tomb:3   | Noticed a royal mummy
 60763 | Tomb:3   | Killed a royal mummy
 60764 | Tomb:3   | Noticed a royal mummy
 60765 | Tomb:3   | Reached skill level 5 in Earth Magic
 60766 | Tomb:3   | Killed a royal mummy
 60766 | Tomb:3   | Killed a royal mummy
 60767 | Tomb:3   | Killed a royal mummy
 60767 | Tomb:3   | Noticed a royal mummy
 60767 | Tomb:3   | XOM: swap monsters
 60771 | Tomb:3   | Killed a royal mummy
 60772 | Tomb:3   | Killed a royal mummy
 60773 | Tomb:3   | Killed a royal mummy
 60777 | Tomb:3   | Lost mutation: Your health recovers twice as slowly from
                  | being drained. [mutagenic glow]
 60786 | Tomb:3   | Killed a royal mummy
 60787 | Tomb:3   | Lost mutation: Your natural rate of healing is unusually
                  | fast. [mutagenic glow]
 60787 | Tomb:3   | Gained mutation: You do not regenerate when monsters are
                  | visible. [mutagenic glow]
 60790 | Tomb:3   | XOM: summons friendly iron imp
 60792 | Tomb:3   | Killed a royal mummy
 60855 | Tomb:3   | Got a sanguine gem with 71 turns to spare
 60857 | Tomb:3   | Got a golden rune of Zot
 60874 | Tomb:3   | Found the +5 scythe "Finisher" {speed, execute}
 60908 | Tomb:3   | XOM: cloud trail
 60922 | Tomb:3   | Got the Encyclopedia of the Cooperative Serac
 60925 | Tomb:3   | Got the Tome of the Weird Plateau
 60926 | Tomb:3   | Identified the +2 broad axe "Plog" {heavy, rElec rPois}
 61272 | Tomb:1   | XOM: 10-stop teleportation journey
 61280 | Tomb:1   | XOM: god gift: scroll of fog
 61456 | Tomb:1   | XOM: god gift: wand of mindburst (5)
 61552 | Tomb:1   | Lost mutation: You have a pair of small horns on your head.
                  | [potion of mutation]
 61552 | Tomb:1   | Lost mutation: Your magical capacity is very low. (-20% MP)
                  | [potion of mutation]
 61552 | Tomb:1   | Lost mutation: Your mind is very acute. (Int +8, Str/Dex
                  | -2) [potion of mutation]
 61552 | Tomb:1   | Gained mutation: You occasionally shout uncontrollably at
                  | your foes. [potion of mutation]
 61553 | Tomb:1   | Lost mutation: Your magical capacity is low. (-10% MP)
                  | [potion of mutation]
 61553 | Tomb:1   | Lost mutation: Your movements are slightly less encumbered
                  | by armour. (ER -2) [potion of mutation]
 61553 | Tomb:1   | Lost mutation: You are robust. (+10% HP) [potion of
                  | mutation]
 61553 | Tomb:1   | Gained mutation: You are robust. (+10% HP) [potion of
                  | mutation]
 61554 | Tomb:1   | Lost mutation: You occasionally shout uncontrollably at
                  | your foes. [potion of mutation]
 61554 | Tomb:1   | Lost mutation: You expend magic power (3 MP) to strengthen
                  | your wands. [potion of mutation]
 61554 | Tomb:1   | Lost mutation: Your flesh is very cold resistant. (rC++)
                  | [potion of mutation]
 61554 | Tomb:1   | Gained mutation: Your health recovers twice as slowly from
                  | being drained. [potion of mutation]
 61554 | Tomb:1   | Gained mutation: You possess an exceptional clarity of
                  | mind. [potion of mutation]
 61555 | Tomb:1   | Lost mutation: You have very sharp teeth. [potion of
                  | mutation]
 61555 | Tomb:1   | Lost mutation: Your flesh is cold resistant. (rC+) [potion
                  | of mutation]
 61555 | Tomb:1   | Lost mutation: You are mostly covered in iridescent scales.
                  | (AC +4) [potion of mutation]
 61555 | Tomb:1   | Gained mutation: You are vulnerable to heat. (rF-) [potion
                  | of mutation]
 61555 | Tomb:1   | Gained mutation: You are strong-willed. (Will+) [potion of
                  | mutation]
 61556 | Tomb:1   | Lost mutation: Your health recovers twice as slowly from
                  | being drained. [potion of mutation]
 61556 | Tomb:1   | Lost mutation: You are strong-willed. (Will+) [potion of
                  | mutation]
 61556 | Tomb:1   | Gained mutation: You have a pair of small horns on your
                  | head. [potion of mutation]
 61557 | Tomb:1   | Lost mutation: You are vulnerable to heat. (rF-) [potion of
                  | mutation]
 61557 | Tomb:1   | Lost mutation: You do not regenerate when monsters are
                  | visible. [potion of mutation]
 61557 | Tomb:1   | Lost mutation: You are partially covered in iridescent
                  | scales. (AC +2) [potion of mutation]
 61557 | Tomb:1   | Gained mutation: Your magical capacity is low. (-10% MP)
                  | [potion of mutation]
 61596 | Tomb:2   | Noticed a royal mummy
 61596 | Tomb:2   | Noticed a royal mummy
 61597 | Tomb:2   | Noticed Mennas
 61605 | Tomb:2   | Killed a royal mummy
 61614 | Tomb:2   | Killed a royal mummy
 61614 | Tomb:2   | Noticed a royal mummy
 61619 | Tomb:2   | Killed Mennas
 61619 | Tomb:2   | Killed a royal mummy
 61756 | Tomb:2   | Noticed a royal mummy
 61758 | Tomb:2   | XOM: potion effect (brilliance)
 61764 | Tomb:2   | Killed a royal mummy
 61952 | Tomb:2   | XOM: give mutations
 61952 | Tomb:2   | Gained mutation: Your flesh is heat resistant. (rF+) [Xom's
                  | grace]
 61952 | Tomb:2   | Gained mutation: You are partially covered in large bone
                  | plates. (SH +4) [Xom's grace]
 61952 | Tomb:2   | Gained mutation: You have hidden genetic potential. [Xom's
                  | grace]
 61952 | Tomb:2   | Gained mutation: Your spells are a little harder to cast,
                  | but a little more powerful. [Xom's grace]
 62398 | Zig:1    | Entered Level 1 of a ziggurat
 62410 | Zig:1    | Identified the +3 arbalest "Biuxt" {drain, rF+ Str+3 Dex-2
                  | Stlth+}
 62413 | Zig:2    | Entered Level 2 of a ziggurat
 62442 | Zig:3    | Entered Level 3 of a ziggurat
 62444 | Zig:3    | Noticed Raed the pandemonium lord
 62449 | Zig:3    | Killed Raed the pandemonium lord
 62475 | Zig:4    | Entered Level 4 of a ziggurat
 62508 | Zig:5    | Entered Level 5 of a ziggurat
 62534 | Zig:6    | Entered Level 6 of a ziggurat
 62542 | Zig:6    | Found the +8 whip "Snakebite" {venom, curare, rPois}
 62563 | Zig:6    | Identified the +0 hand axe of the Tundras {venom, rN+
                  | rCorr}
 62569 | Zig:6    | Identified the +0 scale mail "Trusted Companion" {rN+ Str+3
                  | Int+2}
 62589 | Zig:7    | Entered Level 7 of a ziggurat
 62602 | Zig:7    | XOM: divination: magic mapping
 62609 | Zig:7    | XOM: destruction
 62664 | Zig:7    | Identified the +6 flail of the Evening {heavy, *Noise rCorr
                  | Int+3 Stlth+}
 62683 | Zig:8    | Entered Level 8 of a ziggurat
 62689 | Zig:8    | XOM: cleaving
 62709 | Zig:8    | Identified the +2 dire flail of Zyupol {flame, *Noise
                  | Will++}
 62710 | Zig:8    | Identified the +3 triple sword of Devotion {flame, ^Drain
                  | Will+ Dex+3}
 62715 | Zig:8    | Identified the +0 plate armour of Zin's Delight {Rampage
                  | rPois rF+ rCorr Str-5}
 62718 | Zig:9    | Entered Level 9 of a ziggurat
 62749 | Zig:9    | Identified the +6 whip "Adyr" {elec, rF+}
 62775 | Zig:10   | Entered Level 10 of a ziggurat
 62786 | Zig:10   | Reached skill level 10 in Air Magic
 62805 | Zig:10   | Identified the ring "Tafoud" {rN+ Str+6 Dex+2}
 62810 | Zig:10   | Identified the +1 long sword "Solangyu" {drain, rC+ Int+2}
 62811 | Zig:10   | Identified the staff of the Middle {rElec rCorr Str-4 SInv
                  | Summ Air}
 62827 | Zig:10   | XOM: give mutations
 62827 | Zig:10   | Gained mutation: You are resistant to electric shocks.
                  | (rElec) [Xom's grace]
 62827 | Zig:10   | Gained mutation: You are agile. (Dex +4, Str/Int -1) [Xom's
                  | grace]
 62830 | Zig:11   | Entered Level 11 of a ziggurat
 62866 | Zig:11   | Identified the staff "Newtslayer" {rElec Int+4 Air}
 62893 | Zig:12   | Entered Level 12 of a ziggurat
 62910 | Zig:12   | Identified the +3 spear "Taih" {protect, Will+ Str+4 Int-2
                  | Dex+6}
 62920 | Zig:12   | Identified the +1 buckler of Pandemonium {rElec rC+ Str-5
                  | Int+6}
 62924 | Zig:12   | Got the Omnibus of Correspondence
 62928 | Zig:12   | Identified the ring of Yesterday {rPois Will+ MP+9 Int-2
                  | Dex+6}
 62948 | Zig:13   | Entered Level 13 of a ziggurat
 62955 | Zig:13   | Noticed a dread lich
 62956 | Zig:13   | Noticed a dread lich
 62956 | Zig:13   | Noticed an ancient lich
 62957 | Zig:13   | Found the +9 sword of Zonguldrok {reap}
 62961 | Zig:13   | XOM: potion effect (haste)
 62962 | Zig:13   | Killed a dread lich
 62962 | Zig:13   | Noticed an ancient lich
 62964 | Zig:13   | Killed an ancient lich
 62965 | Zig:13   | Killed an ancient lich
 62966 | Zig:13   | Killed a dread lich
 62981 | Zig:13   | Identified the +1 trident "Gajig" {pain, *Corrode rN++
                  | Str+2 Stlth-}
 62985 | Zig:13   | Identified the -1 buckler "Wenocvul" {Fly}
 62990 | Zig:13   | Identified the +6 war axe of Xain Quhi {freeze, rC++}
 62992 | Zig:13   | Identified the +0 morningstar "Ysmasom" {antimagic, *Noise
                  | rF+ Int+3}
 63001 | Zig:14   | Entered Level 14 of a ziggurat
 63013 | Zig:14   | Reached skill level 10 in Earth Magic
 63015 | Zig:14   | Found the +5 glaive of the Guard {elec, spectral}
 63030 | Zig:14   | Identified the +8 whip "Beastbane" {heavy, rElec rPois
                  | Str+4 Int-5}
 63038 | Zig:14   | Identified the +0 plate armour of Jeonweti {Harm rCorr}
 63055 | Zig:14   | Identified the +2 helmet of Zuiristront {-Cast rPois rN++
                  | Regen+}
 63066 | Zig:15   | Entered Level 15 of a ziggurat
 63075 | Zig:15   | Noticed Xag Ynan the pandemonium lord
 63075 | Zig:15   | Noticed Geonn the pandemonium lord
 63078 | Zig:15   | Noticed Nuza the pandemonium lord
 63079 | Zig:15   | Noticed Oceah the pandemonium lord
 63081 | Zig:15   | XOM: polymorph swamp worm -> glowing shapeshifter
 63081 | Zig:15   | Killed Geonn the pandemonium lord
 63084 | Zig:15   | Killed Xag Ynan the pandemonium lord
 63086 | Zig:15   | Killed Oceah the pandemonium lord
 63086 | Zig:15   | Gained mutation: Your natural rate of healing is unusually
                  | fast. [hidden potential]
 63089 | Zig:15   | Found the +3 warlock's mirror {omnireflect}
 63089 | Zig:15   | Found the +4 consecrated labrys {holy, Valiant ^Fragile Fly
                  | SInv}
 63089 | Zig:15   | Killed Nuza the pandemonium lord
 63102 | Zig:15   | XOM: summons 4 hostile shadow creatures
 63156 | Zig:16   | Entered Level 16 of a ziggurat
 63165 | Zig:16   | Noticed an ancient lich
 63165 | Zig:16   | XOM: potion effect (brilliance)
 63175 | Zig:16   | Killed an ancient lich
 63233 | Zig:17   | Entered Level 17 of a ziggurat
 63243 | Zig:17   | Noticed a royal mummy
 63243 | Zig:17   | Noticed a royal mummy
 63247 | Zig:17   | XOM: potion effect (might)
 63247 | Zig:17   | Noticed a royal mummy
 63251 | Zig:17   | Reached skill level 15 in Air Magic
 63255 | Zig:17   | Killed a royal mummy
 63261 | Zig:17   | Killed a royal mummy
 63262 | Zig:17   | Killed a royal mummy
 63334 | Zig:17   | Identified the +1 robe of the Glamorous God {rC+ Slay+3}
 63335 | Zig:17   | Identified the ring "Norril" {Fly Will- rCorr Str+3 Int+6}
 63343 | Zig:17   | Identified the +11 dagger of Blind Justice {freeze, rCorr
                  | Str+2}
 63357 | Zig:17   | Identified the ring "Goqiodd" {rF+ Str+6 Stlth+}
 63364 | Zig:17   | Identified the +6 morningstar of the Mauling Stoat {flame,
                  | Fly MP+9 Dex+2 Stlth-}
 63373 | Zig:18   | XOM: noise
 63373 | Zig:18   | Entered Level 18 of a ziggurat
 63377 | Zig:18   | XOM: divination: detect creatures
 63414 | Zig:18   | Identified the amulet "Keelut" {Regen+ Str+4 Dex+3}
 63422 | Zig:18   | Identified the +1 leather armour "Udobad Pygh" {Dex+2}
 63437 | Zig:18   | Identified the amulet of the Red Skies {rF+ Regen+ Int-2
                  | SInv}
 63467 | Zig:19   | Entered Level 19 of a ziggurat
 63471 | Zig:19   | Noticed a royal mummy
 63475 | Zig:19   | Noticed a royal mummy
 63484 | Zig:19   | Killed a royal mummy
 63486 | Zig:19   | Killed a royal mummy
 63488 | Zig:19   | Killed a royal mummy
 63523 | Zig:19   | Identified the ring "Huckey" {rPois Str-5 Int+7 Dex+4}
 63531 | Zig:19   | Identified the +5 plate armour "Olyd" {+Blink Str+4}
 63537 | Zig:19   | Identified the +1 broad axe of Decaying Integrity {flame,
                  | rF+ Str+5}
 63545 | Zig:19   | Acquired a manual of Hexes
 63553 | Zig:19   | Learned a level 4 spell: Manifold Assault
 63559 | Zig:20   | Entered Level 20 of a ziggurat
 63579 | Zig:20   | Found the +0 pair of fencer's gloves {Riposte Dex+3}
 63589 | Zig:20   | Gained mutation: Your muscles are strong. (Str +4, Int/Dex
                  | -1) [hidden potential]
 63589 | Zig:20   | Lost mutation: You have hidden genetic potential. [hidden
                  | potential expressed]
 63599 | Zig:20   | Identified the +5 sling of the Morning {drain, ^Fragile
                  | Str+4 Int+2}
 63608 | Zig:20   | Identified the +2 ring mail of the Stars {Harm Dex+4}
 63610 | Zig:20   | Acquired 329 gold pieces
 63613 | Zig:20   | Identified the +0 pair of boots of Reason {Harm rPois SInv}
 63617 | Zig:20   | Reached skill level 10 in Armour
 63618 | Zig:20   | Identified the ring "Yrexuro" {rF+++ rN+ Will+ Str+2 Int-4}
 63640 | Zig:20   | Identified the +3 short sword "Qung" {chaos, rF+ Str+4}
 63647 | Zig:20   | Got the Elucidation of the Curious Visionaries
 63707 | Zig:21   | Entered Level 21 of a ziggurat
 63810 | Zig:21   | Found the +7 sceptre of Torment {pain, torment}
 63894 | Zig:22   | Entered Level 22 of a ziggurat
 63901 | Zig:22   | XOM: confuse monster(s)
 63903 | Zig:22   | XOM: divination: magic mapping
 63907 | Zig:22   | Found the +3 pair of gauntlets of War {Slay+5}
 63923 | Zig:22   | Got the Handbook of the Overhead Escort
 63932 | Zig:22   | Identified the +6 longbow of Goowk {antimagic, rC+}
 63949 | Zig:22   | Identified the ring "Xeoblox" {+Blink rCorr Dex+3 SInv}
 64012 | Zig:23   | Entered Level 23 of a ziggurat
 64042 | Zig:23   | XOM: noise
 64047 | Zig:23   | Found the +0 cloak of the Thief {Quiet Slay-3 SInv Stlth+}
 64051 | Zig:23   | Identified the ring "Wiqurgh" {rPois rN+ Str+2}
 64063 | Zig:23   | Identified the staff of Malum In Se {rElec rF- rN++ Str+3
                  | Stlth+ Air}
 64067 | Zig:23   | Acquired a manual of Alchemy
 64069 | Zig:23   | Acquired a book of Vapours
 64106 | Zig:24   | Entered Level 24 of a ziggurat
 64113 | Zig:24   | Noticed Cepnit the pandemonium lord
 64113 | Zig:24   | XOM: noise
 64114 | Zig:24   | Noticed Nyb Yrin the pandemonium lord
 64119 | Zig:24   | Noticed Wedig the pandemonium lord
 64119 | Zig:24   | Noticed Omuymn the pandemonium lord
 64127 | Zig:24   | Killed Nyb Yrin the pandemonium lord
 64128 | Zig:24   | Killed Wedig the pandemonium lord
 64130 | Zig:24   | Killed Girchucs the pandemonium lord
 64131 | Zig:24   | Noticed Orybrisi the pandemonium lord
 64132 | Zig:24   | XOM: fake destruction
 64133 | Zig:24   | Killed Cepnit the pandemonium lord
 64133 | Zig:24   | Killed Omuymn the pandemonium lord
 64133 | Zig:24   | Noticed Sut Licer the pandemonium lord
 64134 | Zig:24   | Noticed Ciykadar the pandemonium lord
 64134 | Zig:24   | Noticed Yffoju the pandemonium lord
 64135 | Zig:24   | Noticed Zaivig the pandemonium lord
 64135 | Zig:24   | Noticed Datixala the pandemonium lord
 64136 | Zig:24   | Noticed Huimoel the pandemonium lord
 64136 | Zig:24   | Noticed Zypil the pandemonium lord
 64136 | Zig:24   | Noticed Aphot the pandemonium lord
 64136 | Zig:24   | Noticed Piutt the pandemonium lord
 64136 | Zig:24   | Noticed Vaofust the pandemonium lord
 64137 | Zig:24   | Noticed Tuacs the pandemonium lord
 64138 | Zig:24   | Killed Aphot the pandemonium lord
 64139 | Zig:24   | Noticed Qeawanop the pandemonium lord
 64139 | Zig:24   | Killed Sut Licer the pandemonium lord
 64140 | Zig:24   | Killed Datixala the pandemonium lord
 64141 | Zig:24   | Noticed Kyluasko the pandemonium lord
 64142 | Zig:24   | Killed Piutt the pandemonium lord
 64143 | Zig:24   | Noticed Gaori the pandemonium lord
 64143 | Zig:24   | Killed Zypil the pandemonium lord
 64144 | Zig:24   | Killed Ciykadar the pandemonium lord
 64147 | Zig:24   | Killed Gaori the pandemonium lord
 64147 | Zig:24   | Killed Orybrisi the pandemonium lord
 64147 | Zig:24   | Killed Kyluasko the pandemonium lord
 64148 | Zig:24   | Killed Yffoju the pandemonium lord
 64149 | Zig:24   | Killed Qeawanop the pandemonium lord
 64150 | Zig:24   | Killed Zaivig the pandemonium lord
 64152 | Zig:24   | Killed Tuacs the pandemonium lord
 64152 | Zig:24   | Killed Huimoel the pandemonium lord
 64157 | Zig:24   | Killed Vaofust the pandemonium lord
 64198 | Zig:24   | Identified the +6 dagger of Zijuoss {holy, Will+ rCorr
                  | Str+3}
 64235 | Zig:25   | Entered Level 25 of a ziggurat
 64246 | Zig:25   | XOM: scenery: create altars
 64248 | Zig:25   | Reached skill level 15 in Armour
 64260 | Zig:25   | Found the +11 Singing Sword {sonic wave}
 64262 | Zig:25   | Found the brooch of Shielding {Spirit SH+8}
 64317 | Zig:25   | Identified the +0 pair of gloves "Kusix" {Int+4 Stlth+}
 64330 | Zig:25   | Identified the +1 hand axe of Unpleasantness {flame, Str+2}
 64331 | Zig:25   | Identified the +3 ring mail of Avant Garde Freedom {rPois
                  | rF+}
 64335 | Zig:25   | Identified the +0 cloak "Obegum" {rElec Regen+ SInv}
 64365 | Zig:26   | Entered Level 26 of a ziggurat
 64389 | Zig:26   | Noticed a dread lich
 64389 | Zig:26   | Noticed an ancient lich
 64389 | Zig:26   | Noticed a dread lich
 64389 | Zig:26   | Found the +3 Mad Mage's Maulers {Infuse+∞ VampMP -Cast}
 64390 | Zig:26   | Noticed a dread lich
 64391 | Zig:26   | Killed a dread lich
 64392 | Zig:26   | Noticed an ancient lich
 64393 | Zig:26   | Noticed an ancient lich
 64394 | Zig:26   | Noticed an ancient lich
 64394 | Zig:26   | Killed a dread lich
 64396 | Zig:26   | Killed an ancient lich
 64397 | Zig:26   | XOM: confuse monster(s)
 64399 | Zig:26   | Killed a dread lich
 64407 | Zig:26   | XOM: summons 16 friendly demons
 64409 | Zig:26   | Killed an ancient lich
 64410 | Zig:26   | Killed an ancient lich
 64413 | Zig:26   | Killed an ancient lich
 64414 | Zig:26   | Identified the ring of Akitryl {rC+ Will+ rCorr MP+9 Int+3}
 64420 | Zig:26   | Identified the amulet of Toelaru {Acrobat rN+ rCorr}
 64421 | Zig:26   | Identified the staff of Flawed Execution {rF- rC+ rCorr
                  | Str+2 Ice}
 64422 | Zig:26   | Identified the staff of the Aged Visions {rN+ Int-5 Conj
                  | Necro Tloc}
 64435 | Zig:26   | Identified the amulet "Ziyti" {Acrobat Harm rPois Str-3
                  | Dex+4}
 64437 | Zig:26   | Identified the staff "Avyoga" {rF+ Dex+6 Fire}
 64445 | Zig:26   | Identified the +1 robe "Xytwezut" {Fly rElec Str-2 Dex+2}
 64498 | Zig:27   | XOM: noise
 64498 | Zig:27   | Entered Level 27 of a ziggurat
 64566 | Zig:27   | Identified the death talisman of Eckifiu {Will- Dex+3}
 64577 | Zig:27   | Identified the +4 scale mail of the Miller {rPois rN+
                  | Slay+3}
 64784 | Depths:4 | Learned a level 8 spell: Maxwell's Capacitive Coupling
 64938 | Depths:1 | XOM: divination: detect items
 65180 | Slime:1  | Entered Level 1 of the Pits of Slime
 65840 | Slime:2  | XOM: god gift: dagger {god gift}
 65972 | Slime:1  | Reached skill level 27 in Spellcasting
 66046 | Slime:3  | Noticed Dissolution
 66057 | Slime:3  | Killed Dissolution
 66118 | Slime:3  | XOM: god gift: 25 gold pieces
 66253 | Slime:3  | XOM: destruction
 66356 | Slime:3  | XOM: scenery: summon butterflies
 66498 | Slime:4  | XOM: divination: detect items
 66755 | Slime:5  | Entered Level 5 of the Pits of Slime
 66970 | Slime:5  | Noticed the Royal Jelly
 66980 | Slime:5  | Killed the Royal Jelly
 66989 | Slime:5  | XOM: divination: magic mapping
 67093 | Slime:5  | XOM: confuse monster(s)
 67096 | Slime:5  | XOM: summons 5 friendly demons
 67141 | Slime:5  | Identified the ring "Xoemiu" {rElec rPois rF++ Str+6}
 67151 | Slime:5  | Identified the +1 war axe "Zufimmoi" {freeze, rC- Str+5}
 67157 | Slime:5  | Identified the ring "Velibylo" {*Corrode EV+5 Str+3}
 67199 | Slime:5  | Got a slimy rune of Zot
 67215 | Slime:5  | XOM: divination: detect items
 67722 | Vaults:1 | XOM: cloud trail
 67817 | Vaults:1 | Killed Ycago's ghost
 67979 | Hell     | Entered the Vestibule of Hell
 67979 | Hell     | Noticed Geryon
 68010 | Hell     | Killed Geryon
 68047 | Hell     | Found a gateway to the freezing wastes of Cocytus.
 68087 | Hell     | XOM: enchant monster (good)
 68178 | Hell     | Found a gateway to the decaying netherworld of Tartarus.
 68229 | Hell     | Found a gateway to the ashen valley of Gehenna.
 68294 | Hell     | Found a gateway to the Iron City of Dis.
 68406 | Geh:1    | Entered Level 1 of Gehenna
 68425 | Geh:1    | You are sucked into a shaft and drop 1 floor!
 68449 | Geh:3    | XOM: 3-stop teleportation journey
 68494 | Geh:5    | Reached skill level 27 in Ice Magic
 68497 | Geh:5    | XOM: 1-stop teleportation journey
 68619 | Geh:7    | Entered Level 7 of Gehenna
 68791 | Geh:7    | XOM: scenery: 5 doors close
 68877 | Geh:7    | XOM: 1-stop teleportation journey
 68963 | Geh:7    | XOM: enchant monster (good)
 69027 | Geh:7    | XOM: summons friendly crimson imp
 69103 | Geh:7    | XOM: scenery: 1 doors close
 69147 | Geh:7    | XOM: 2-stop teleportation journey
 69376 | Geh:7    | Found the +13 sceptre of Asmodeus
 69376 | Geh:7    | Noticed Asmodeus
 69381 | Geh:7    | Killed Asmodeus
 69394 | Geh:7    | Got an obsidian rune of Zot
 69516 | Coc:1    | Entered Level 1 of Cocytus
 69595 | Coc:2    | Paralysed by a wendigo for 1 turns
 69723 | Coc:3    | XOM: divination: magic mapping
 69788 | Coc:4    | XOM: cast spell 'Death Channel'
 69914 | Coc:6    | XOM: noise
 69918 | Coc:6    | XOM: summons 16 friendly demons
 69929 | Coc:7    | Entered Level 7 of Cocytus
 69946 | Coc:7    | XOM: swap monsters
 69970 | Coc:7    | XOM: chaos cloud
 70057 | Coc:7    | XOM: summons 2 friendly demons
 70135 | Coc:7    | Noticed Antaeus
 70167 | Coc:7    | Killed Antaeus
 70333 | Coc:7    | Identified the amulet "Fixopaab" {Acrobat rPois rC++}
 70337 | Coc:7    | Got an icy rune of Zot
 70548 | Tar:1    | Entered Level 1 of Tartarus
 70548 | Tar:1    | Noticed a dread lich
 70554 | Tar:1    | Killed a dread lich
 70565 | Tar:2    | XOM: noise
 70795 | Tar:5    | XOM: summons 3 friendly demons
 70805 | Tar:6    | XOM: 1-stop teleportation journey
 70882 | Tar:7    | Entered Level 7 of Tartarus
 71013 | Tar:7    | Noticed the Serpent of Hell
 71021 | Tar:7    | Killed the Serpent of Hell
 71040 | Tar:7    | Noticed Ereshkigal
 71057 | Tar:7    | Noticed an ancient lich
 71061 | Tar:7    | Killed an ancient lich
 71098 | Tar:7    | XOM: cast spell 'Leda's Liquefaction'
 71186 | Tar:7    | Identified the ring "Ruihil" {rN++ Will+ Str+3}
 71223 | Tar:7    | Killed Ereshkigal
 71240 | Tar:7    | XOM: polymorph doom hound -> hellephant
 71244 | Tar:7    | Noticed a dread lich
 71247 | Tar:7    | Noticed a dread lich
 71251 | Tar:7    | Killed a dread lich
 71252 | Tar:7    | Found the ring of the Mage {Wiz Archmagi}
 71256 | Tar:7    | Killed a dread lich
 71262 | Tar:7    | XOM: stat loss: -1 Dex (17/18)
 71350 | Tar:7    | Got a bone rune of Zot
 71382 | Tar:7    | XOM: enchant monster (bad)
 71506 | Dis:1    | Entered Level 1 of the Iron City of Dis
 71607 | Dis:2    | XOM: noise
 71616 | Dis:2    | XOM: enchant monster (bad)
 71700 | Dis:3    | XOM: summons 9 hostile demons
 71954 | Dis:6    | Noticed an ancient lich
 71954 | Dis:6    | Noticed a dread lich
 72026 | Dis:7    | Entered Level 7 of the Iron City of Dis
 72038 | Dis:7    | XOM: summons 1 hostile demon
 72240 | Dis:7    | XOM: summons 8 hostile demons
 72313 | Dis:7    | XOM: 2-stop teleportation journey
 72326 | Dis:7    | XOM: summons 4 hostile shadow creatures
 72351 | Dis:7    | XOM: fog
 73178 | Dis:7    | XOM: chaos cloud
 73301 | Dis:7    | Identified the +6 dagger of the Jumping Blowfly {heavy,
                  | +Blink rC+}
 73320 | Dis:7    | Found the +27 heavy crossbow "Sniper" {heavy, Acc+∞ SInv}
 73333 | Dis:7    | XOM: give mutations
 73333 | Dis:7    | Lost mutation: You are resistant to electric shocks.
                  | (rElec) [Xom's mischief]
 73333 | Dis:7    | Lost mutation: Your flesh is heat resistant. (rF+) [Xom's
                  | mischief]
 73367 | Dis:7    | XOM: stat loss: -1 Dex (19/20)
 73385 | Dis:7    | Identified the +4 dagger of the Moon {antimagic, rCorr
                  | Str+4 Int+2}
 73415 | Dis:7    | XOM: summons 2 hostile shadow creatures
 73416 | Dis:7    | Noticed an ancient lich
 73535 | Dis:7    | Noticed Dispater
 73543 | Dis:7    | Killed Dispater
 73613 | Dis:7    | Identified the ring "Ogaubyx" {rPois Int+6 Dex+4 SInv}
 73619 | Dis:7    | Got an iron rune of Zot
 73620 | Dis:7    | Identified the ring of Moedishre {rElec rPois rCorr Dex-3}
 73625 | Dis:7    | Identified the +0 chain mail of Hopscotch {rPois Regen+}
 73866 | Pan      | Entered Pandemonium
 73877 | Pan      | XOM: silly message
 73920 | Pan      | XOM: noise
 73945 | Pan      | Noticed Iczafuen the pandemonium lord
 73949 | Pan      | XOM: noise
 73955 | Pan      | Killed Iczafuen the pandemonium lord
 73984 | Pan      | Got a demonic rune of Zot
 74007 | Pan      | XOM: cloud trail
 74110 | Pan      | XOM: noise
 74137 | Pan      | Found an exit through the horrors of the Abyss.
 74147 | Pan      | XOM: god gift: scroll of blinking
 74301 | Pan      | Noticed Nias the pandemonium lord
 74313 | Pan      | Killed Nias the pandemonium lord
 74319 | Pan      | XOM: divine lightning
 74371 | Pan      | XOM: polymorph Ice Fiend -> wendigo
 74372 | Pan      | Paralysed by a wendigo for 1 turns
 74387 | Pan      | Found an exit through the horrors of the Abyss.
 74395 | Pan      | Entered the realm of Cerebov.
 74539 | Pan      | Found the +6 sword of Cerebov {flame}
 74539 | Pan      | Noticed Cerebov
 74545 | Pan      | Killed Cerebov
 74547 | Pan      | Identified the +3 spear of Crystal {speed, rCorr MP-9 Int-5
                  | Dex+6}
 74577 | Pan      | Identified the ring "Halann" {rPois Str+6 Int+4 Dex+3}
 74590 | Pan      | Got a fiery rune of Zot
 74712 | Pan      | Noticed Ignacio
 74718 | Pan      | XOM: noise
 74727 | Pan      | Killed Ignacio
 74918 | Pan      | Noticed Biucos the pandemonium lord
 74938 | Pan      | Killed Biucos the pandemonium lord
 74954 | Pan      | XOM: scenery: create altars
 74971 | Pan      | XOM: swap monsters
 74996 | Pan      | Noticed Gouply Wucw the pandemonium lord
 75008 | Pan      | Killed Gouply Wucw the pandemonium lord
 75069 | Pan      | XOM: confuse monster(s)
 75161 | Pan      | XOM: stat loss: -1 Dex (22/23)
 75177 | Pan      | XOM: blink monster(s)
 75218 | Pan      | Found an exit through the horrors of the Abyss.
 75580 | Pan      | XOM: noise
 75741 | Pan      | XOM: enchant monster (bad)
 75766 | Pan      | Noticed Sefetaij the pandemonium lord
 75788 | Pan      | Noticed Maopeic the pandemonium lord
 75815 | Pan      | Found an exit through the horrors of the Abyss.
 75845 | Pan      | Entered the realm of Mnoleg.
 75845 | Pan      | XOM: summons 2 hostile demons
 75861 | Pan      | XOM: polymorph cacodemon -> lorocyproca
 75957 | Pan      | XOM: summons 14 hostile demons
 75975 | Pan      | Noticed Mnoleg
 75975 | Pan      | XOM: 1-stop teleportation journey
 75981 | Pan      | XOM: stat loss: -1 Int (17/19)
 75982 | Pan      | XOM: fog
 75983 | Pan      | Paralysed by Mnoleg for 1 turns
 75993 | Pan      | Killed Mnoleg
 76010 | Pan      | Got a glowing rune of Zot
 76062 | Pan      | Found an exit through the horrors of the Abyss.
 76298 | Pan      | Entered the realm of Gloorx Vloq.
 76298 | Pan      | XOM: noise
 76573 | Pan      | XOM: 1-stop teleportation journey
 76621 | Pan      | XOM: chaos upgrade
 76673 | Pan      | XOM: blink monster(s)
 76683 | Pan      | Reached skill level 10 in Translocations
 76686 | Pan      | XOM: enchant monster (bad)
 76730 | Pan      | Noticed Gloorx Vloq
 76743 | Pan      | Killed Gloorx Vloq
 76830 | Pan      | XOM: confuse monster(s)
 76851 | Pan      | Got a dark rune of Zot
 76890 | Pan      | Entered the realm of Lom Lobon.
 76914 | Pan      | Found a burning altar of Makhleb.
 76914 | Pan      | XOM: 5-stop teleportation journey
 77019 | Pan      | XOM: cast spell 'Fugue of the Fallen'
 77200 | Pan      | Noticed Lom Lobon
 77237 | Pan      | XOM: smoke on damage
 77242 | Pan      | Killed Lom Lobon
 77266 | Pan      | Got a magical rune of Zot
 77390 | Pan      | Reached skill level 5 in Evocations
 77456 | Pan      | XOM: cast spell 'Death Channel'
 77488 | Pan      | XOM: enchant monster (good)
 77576 | Pan      | Found an exit through the horrors of the Abyss.
 77578 | Pan      | Took an exit into the Abyss.
 77578 | Abyss:1  | Escaped into the Abyss
 77578 | Abyss:1  | Found a glowing golden altar of the Shining One.
 77594 | Abyss:1  | Found an ornate altar of the Wu Jian Council.
 77594 | Abyss:1  | Found a corrupted altar of Lugonu.
 77594 | Abyss:1  | Found a shimmering blue altar of Sif Muna.
 77594 | Abyss:1  | Found a glowing golden altar of the Shining One.
 77594 | Abyss:1  | Found a burning altar of Makhleb.
 77594 | Abyss:1  | Found a basalt altar of Yredelemnul.
 77594 | Abyss:1  | Found a radiant altar of Vehumet.
 77595 | Abyss:1  | Found a white marble altar of Elyvilon.
 77595 | Abyss:1  | Found a shimmering altar of Xom.
 77595 | Abyss:1  | Found a broken altar of Ashenzari.
 77595 | Abyss:1  | Found an ancient bone altar of Kikubaaqudgha.
 77595 | Abyss:1  | Found a hide-covered altar of Uskayaw.
 77595 | Abyss:1  | Found a sparkling altar of Nemelex Xobeh.
 77603 | Abyss:1  | XOM: noise
 77606 | Abyss:1  | XOM: enchant monster (good)
 77642 | Abyss:2  | Found a corrupted altar of Lugonu.
 77796 | Abyss:2  | XOM: confuse monster(s)
 77850 | Abyss:3  | Found a corrupted altar of Lugonu.
 77864 | Abyss:3  | Found a corrupted altar of Lugonu.
 77871 | Abyss:3  | Found a corrupted altar of Lugonu.
 77871 | Abyss:3  | Found a corrupted altar of Lugonu.
 77874 | Abyss:3  | Found a corrupted altar of Lugonu.
 77895 | Abyss:3  | Noticed a dread lich
 77914 | Abyss:3  | Killed a dread lich
 77930 | Abyss:3  | XOM: scenery: summon butterflies
 77942 | Abyss:3  | Found a corrupted altar of Lugonu.
 77978 | Abyss:3  | XOM: silly message
 78009 | Abyss:3  | XOM: blink monster(s)
 78088 | Abyss:5  | XOM: enchant monster (good)
 78112 | Abyss:5  | Got an abyssal rune of Zot
 78168 | Depths:4 | Escaped the Abyss
 78205 | Zot:1    | Entered Level 1 of the Realm of Zot
 78277 | Zot:1    | XOM: potion effect (might)
 78521 | Zot:1    | XOM: god gift: robe {god gift}
 78613 | Zot:1    | XOM: summons 2 hostile shadow creatures
 78678 | Zot:1    | XOM: summons 2 friendly demons
 78686 | Zot:1    | XOM: summons friendly white imp
 78767 | Zot:1    | XOM: god gift: scroll of fear
 78861 | Zot:2    | XOM: noise
 78921 | Zot:2    | Reached skill level 10 in Evocations
 78949 | Zot:2    | XOM: divine lightning
 79006 | Zot:2    | XOM: scenery: summon butterflies
 79350 | Zot:2    | XOM: divination: detect items
 79472 | Zot:2    | XOM: scenery: create altars
 79514 | Zot:2    | Identified the amulet "Weamob" {Acrobat Str-4 Dex+5}
 79527 | Zot:2    | XOM: 7-stop teleportation journey
 79728 | Zot:3    | Identified the ring "Boeneyco" {EV+5 Dex+3}
 79896 | Zot:3    | XOM: scenery: summon butterflies
 79939 | Zot:3    | Identified the +1 sling of Famine {speed, rC- Int+3}
 79945 | Zot:3    | Found Oqiabbox's CLEARANCE SALE!.
 79953 | Zot:3    | XOM: cast spell 'Summon Ice Beast'
 79961 | Zot:3    | Bought a potion of curing for 15 gold pieces
 79961 | Zot:3    | Bought a wand of paralysis (2) for 24 gold pieces
 80080 | Zot:3    | XOM: god gift: 43 gold pieces
 80702 | Zot:4    | XOM: cloud trail
 80779 | Zot:4    | XOM: god gift: robe {god gift}
 80852 | Zot:4    | XOM: god gift: whip {god gift}
 80917 | Zot:4    | XOM: swap monsters
 81014 | Zot:4    | Identified the +1 mace of Irrepressible Laughter {drain,
                  | Str+5 Int-4}
 81302 | Zot:4    | Noticed an orb of fire
 81309 | Zot:4    | Killed an orb of fire
 81482 | Zot:5    | XOM: noise
 81482 | Zot:5    | Entered Level 5 of the Realm of Zot
 81483 | Zot:5    | Noticed an ancient lich
 81483 | Zot:5    | Noticed a dread lich
 81587 | Zot:5    | Noticed an ancient lich
 81587 | Zot:5    | Noticed an orb of fire
 81587 | Zot:5    | XOM: 1-stop teleportation journey
 81591 | Zot:5    | XOM: divination: detect creatures
 81596 | Zot:5    | Killed an orb of fire
 81598 | Zot:5    | Killed an ancient lich
 81629 | Zot:5    | Noticed an ancient lich
 81637 | Zot:5    | Killed an ancient lich
 81647 | Zot:5    | XOM: enchant monster (good)
 81656 | Zot:5    | Noticed an orb of fire
 81664 | Zot:5    | Killed an orb of fire
 81666 | Zot:5    | Killed an orb of fire
 81667 | Zot:5    | Noticed a dread lich
 81679 | Zot:5    | Killed a dread lich
 81681 | Zot:5    | Noticed a dread lich
 81762 | Zot:5    | Killed an ancient lich
 81776 | Zot:5    | Killed a dread lich
 81808 | Zot:5    | Killed a dread lich
 81819 | Zot:5    | Identified the +5 trident of Esutiki {speed, rPois rF+
                  | Will+ Int+3}
 82426 | Zot:5    | XOM: 5-stop teleportation journey
 82658 | Zot:5    | Got the Orb of Zot
 82804 | Depths:4 | XOM: enchant monster (good)
 82991 | D:5      | XOM: scenery: 1 doors close
 83060 | D:3      | Noticed Qoluss the pandemonium lord
 83060 | D:3      | Noticed an ancient lich
 83105 | D:$      | Escaped with the Orb!

Illustrated notes

Levels and vault maps discovered:
D:1:      dpeg_arrival_round_c, layout_basic, hellmonk_ecumenical_altar_blasted
D:2:      layout_loops_corners, serial_shops, shop, uniq_sigmund
D:3:      layout_loops_ring, lemuel_round_altar
D:4:      layout_loops_ring, dk_yredelemnul_ordeal, uniq_robin, uniq_eustachio
D:5:      layout_basic, mainiacjoe_overflow_six_doors_small,
          lemuel_temple_firewalk_b
D:6:      kennysheep_windowed_halls, layout_rooms, nicolae_ossuary_entry_plus,
          eino_tiny_chamber, uniq_pikel
D:7:      layout_loops_ring, nicolae_uskayaw_en_pointe,
          mainiacjoe_overflow_concentric_impassable, doesnt_xom_only_xom,
          fedhas_bush_and_centaur_altar
D:8:      layout_loops_ring, nicolae_wu_jian_immortal_techniques,
          serial_bayou_lagoon_b
D:9:      minmay_bubble_buster, layout_basic, cheibriados_altar_1,
          nemelex_altar_shiori, lair_entry_dummy, enter_bailey_4, minivault_16,
          uniq_psyche
D:10:     layout_basic, mainiacjoe_overflow_alcove_4,
          gammafunk_temple_overflow_wave, uniq_lodul
D:11:     layout_stronghold, nicolae_shop_overcharged_wands, uniq_urug
D:12:     layout_loops_ring, serial_bayou, serial_bayou_shore_b,
          serial_bayou_crossing, serial_bayou_pond_e, serial_bayou_shore_b,
          minmay_mirror_moons_of_madness, uniq_josephine
D:13:     layout_irregular_city
D:14:     layout_irregular_city, erik_vaults_2, serial_park_paths
          [serial_park_minivault_5x5_4], minmay_ruined_shrine, uniq_agnes
D:15:     hangedman_depths_entry_try_elsewhere_first, layout_irregular_city,
          minmay_strange_pillars, serial_shops, shop_statue,
          palyth_stone_intersect
Temple:   nicolae_temple_cloud_nine
Lair:1:   beast_lair_carwin_large_2, layout_long_grid, gauntlet_entry_generic,
          serial_bayou_shore_a
Lair:2:   layout_small_grid, portal_ice_cave_entry_pillars_2,
          minmay_lair_oklob_items
Lair:3:   lemuel_slime, layout_regular_city, mainiacjoe_swamp_entry_angry_trees,
          nicolae_spider_entry_tight_spaces, basic_altar, gammafunk_ghost_hive,
          uniq_rupert
Lair:4:   layout_misc_corridors, grunt_megastairs_4
Lair:5:   due_jungle_book, layout_small_grid, slime_entry_1,
          lemuel_fruit_fields, grunt_megastairs_3
Swamp:1:  nicolae_swamp_secret_spriggan_hideout, layout_basic_swamp,
          evilmike_swamp_ruin_rubble_2, swamp_pool_4,
          nicolae_swamp_frolicking_bunyips, infiniplex_staircase_pool_2
Swamp:2:  layout_falls_marsh, evilmike_swamp_ruin_house_2,
          nicolae_swamp_tree_isthmus
Swamp:3:  layout_falls_marsh, evilmike_swamp_ruin_house_5
Swamp:4:  nzn_swamp_witches_coven, layout_basic_swamp, swamp_pool_4,
          lemuel_altar_in_water
Spider:1: layout_spider_delve, nicolae_spider_solar_radiation
Spider:2: layout_spider_delve, nicolae_looking_at_the_future, uniq_aizul,
          uniq_frances
Spider:3: layout_spider_delve, drop_trap, nicolae_spider_bug_shape
Spider:4: grunt_spider_rune_parallel, dreamdust_wasp_nest
Slime:1:  layout_caves
Slime:2:  layout_caves
Slime:3:  layout_caves, uniq_dissolution
Slime:4:  layout_caves
Slime:5:  slime_pit
Orc:1:    layout_caves, serial_shops, nicolae_shop_industrial_runoff,
          nicolae_shop_mannequins
Orc:2:    st_orc_rangers, layout_diamond_mine, einodemon_barbed_minivault
Elf:1:    layout_geoelf_diagonals, minmay_elf_demonology
Elf:2:    nicolae_elf_blades_crystal_corner, layout_loops_corners, serial_shops,
          nicolae_shop_trees, lemuel_upstairs_altar
Elf:3:    minmay_elf_hall_four_x, layout_geoelf_octagon, special_room
          [special_room_orc], basic_altar, statue_in_the_mist_lemuel,
          uniq_roxanne, uniq_louise
Vaults:1: ebering_ghost_rock_garden, v_misc_3, nicolae_vaults_storage_closets_3,
          nicolae_vaults_network_barrier, nicolae_vaults_surprise_closet,
          nicolae_vaults_closet_pinwheel_6, ontoclasm_vaults_tryst,
          nicolae_vaults_alarming, layout_vaults_omnigrid
Vaults:2: minmay_crypt_entry_simple_plaza, st_smaller_cells,
          vaults_dpeg_emergency_exit, nicolae_vaults_little_squares_1,
          nicolae_vaults_tangram_2, nicolae_vaults_wine_cellar,
          ontoclasm_vaults_gateway, vaults_dpeg_hooks, nicolae_vaults_six-pack,
          nicolae_vaults_diagonal_hallway_8, vaults_room_hallway,
          layout_vaults_big_room, serial_shops, nicolae_shop_window_shopping,
          uniq_zenata, uniq_mara
Vaults:3: nicolae_vaults_tetromino_T_2, ontoclasm_vaults_misaligned,
          nicolae_vaults_six-pack, nicolae_vaults_shrinking_rooms_2,
          nicolae_vaults_trapezoid_lopsided_1, v_misc_29,
          nicolae_vaults_mini_display_case, st_greater_box_3, v_rooms_5,
          vaults_room_pools, v_misc_25, nicolae_vaults_diamond_2,
          nicolae_vaults_tetromino_T_1, layout_vaults_omnicross
Vaults:4: nicolae_vaults_trapezoid_lopsided_2, vaults_room_fours,
          nicolae_vaults_closet_pinwheel_3, grunt_tower_of_power, v_rooms_1,
          vaults_room_fours, vaults_mumra_lcd, nicolae_vaults_little_squares_4,
          v_misc_26, nicolae_vaults_closet_pinwheel_2, layout_vaults_omnibox,
          serial_shops, shop
Vaults:5
Crypt:1:  layout_chaotic_city
Crypt:2:  layout_chaotic_city, lightli_enter_wizlab_magi_temple
Crypt:3:  grunt_crypt_end_deaths_head
Tomb:1
Tomb:2:   uniq_mennas
Tomb:3
Depths:1: layout_cave_pools, kennysheep_big_empty_room, hell_entry,
          ashenzari_conservatory_becter, serial_bayou_shore_b
Depths:2: wad_arrow_thing, layout_basic, rand_demon_pan_entry_8, abyss_entry,
          hell_entry, serial_curves, eino_curves_02, eino_curves_01,
          eino_curves_01
Depths:3: minmay_the_grid_square_5x5_3x3 [minmay_the_grid_square_5x5_misaligned,
          minmay_the_grid_square_5x5_pentomino_r,
          minmay_the_grid_square_5x5_intrusive_squares,
          minmay_the_grid_square_5x5_bite,
          minmay_the_grid_square_5x5_megaprize_crossed,
          minmay_the_grid_square_5x5_mess, minmay_the_grid_square_5x5_n,
          minmay_the_grid_square_5x5_bracketed,
          minmay_the_grid_square_5x5_minivault], layout_cave_pools,
          enter_ziggurat_f, grunt_pan_entry_in_and_out,
          nicolae_abyss_entry_one_way_or_another,
          chequers_serial_rivers_micro_e, hell_entry, hex_tiny,
          hangedman_summoners_spam, infiniplex_staircase_zigzag_2,
          serial_bayou_shore_b, uniq_margery, uniq_norris
Depths:4: evilmike_zot_entry_diamond, layout_long_grid, pan_entry, hellmouth_3,
          lemuel_crystal_altar, minmay_crystal_water
Hell
Dis:1:    layout_jigsaw, nicolae_dis_distal_crystal
Dis:2:    layout_regular_city
Dis:3:    layout_gridville
Dis:4:    layout_overlapping_boxes
Dis:5:    layout_subdivisions
Dis:6:    layout_jigsaw, nicolae_dis_liches_on_tour
Dis:7:    iron_city_of_dis [dis_mu, dis_wall_3], layout_gridville,
          nicolae_dis_scattering
Geh:1:    layout_gehenna_lava_caves, special_room [special_room_morgue]
Geh:2:    layout_gehenna_lava_caves
Geh:3:    layout_gehenna_pools_triple
Geh:4:    layout_gehenna_pools_triple
Geh:5:    layout_gehenna_lava_caves
Geh:6:    layout_gehenna_pools_basic, nicolae_geh_niches_of_the_damned
Geh:7:    geh_hangedman
Coc:1:    layout_cocytus_delve
Coc:2:    layout_ice_bergs
Coc:3:    layout_cocytus_delve
Coc:4:    layout_ice_bergs, nicolae_coc_statues_of_limitations
Coc:5:    layout_cocytus_water_paths
Coc:6:    layout_cocytus_delve
Coc:7:    coc_grunt
Tar:1:    layout_catacombs, nicolae_hells_seeping_fissure
Tar:2:    layout_honeycomb
Tar:3:    layout_grid_maze
Tar:4:    minmay_shadows, layout_grid_maze
Tar:5:    layout_grid_maze, nicolae_tar_honey_rotating
Tar:6:    layout_grid_maze, nicolae_tar_four_comb_rooms
Tar:7:    tar_grunt_cathedral
Zot:1:    kennysheep_blocky_room, layout_basic
Zot:2:    hangedman_snap_crack_crunch, layout_concentric_octagons
Zot:3:    layout_onion_interference, nicolae_shop_clearance
Zot:4:    gammafunk_mikee_crab_dinner, layout_cathedral_of_symmetry,
          grunt_megastairs_5
Zot:5:    layout_basic

Skill      XL: |  1  2  3  4  5  6  7  8  9 10 11 12 13 14 15 16 17 18 19 20 21 22 23 24 25 26 27 |
---------------+----------------------------------------------------------------------------------+-----
Fighting       | 2 3 6 8 9 10 11 13 14 15 16 17 26 | 26.9
Evocations     | 4 14 | 14.3
Long Blades    | 1 3 7 9 11 13 16 18 20 | 20.0
Dodging        | 2 4 6 7 9 10 12 13 15 16 17 26 | 26.5
Armour         | 4 5 8 9 26 | 26.9
Conjurations   | 2 6 |  6.0
Alchemy        | 2 6 9 |  9.0
Spellcasting   | 2 5 8 9 10 11 13 15 17 18 20 27 | 27.0
Hexes          | 4 8 12 15 18 26 | 26.5
Translocations | 3 5 8 9 12 | 12.0
Air Magic      | 2 5 8 9 25 | 25.0
Shapeshifting  | 6 8 14 16 26 | 26.3
Ice Magic      | 5 13 18 22 23 27 | 27.0
Earth Magic    | 1 10 | 10.0
Stealth        | |  0.8

Action                     |  1- 3 |  4- 6 |  7- 9 | 10-12 | 13-15 | 16-18 | 19-21 | 22-24 | 25-27 || total
---------------------------+-------+-------+-------+-------+-------+-------+-------+-------+-------++-------
  Melee: Club              |    10 |       |       |       |       |       |       |       |       ||    10
         Dagger            |    87 |   155 |   417 |   318 |     2 |       |       |       |       ||   979
         Short sword       |     4 |       |       |       |       |       |       |       |       ||     4
         Long sword        |       |       |    24 |   211 |       |       |       |       |       ||   235
         Scimitar          |       |       |       |   229 |  1076 |   669 |  1255 |  1251 |   478 ||  4958
         Headbutt          |       |       |       |       |   155 |   227 |   315 |   435 |  1110 ||  2242
         Falchion          |       |       |       |       |     8 |    70 |    27 |       |       ||   105
         Kick              |       |       |       |       |       |    17 |   505 |    72 |       ||   594
         Bite              |       |       |       |       |       |       |       |   244 |    96 ||   340
         Double sword      |       |       |       |       |       |       |       |       |   995 ||   995
         Demon blade       |       |       |       |       |       |       |       |       |   929 ||   929
         Eudemon blade     |       |       |       |       |       |       |       |       |   102 ||   102
   Fire: Orcbow            |       |       |     3 |    33 |       |       |       |       |       ||    36
         Arbalest          |       |       |       |       |    40 |    15 |    40 |     5 |       ||   100
         Hand cannon       |       |       |       |       |       |    11 |       |       |       ||    11
  Throw: Dart              |       |       |       |    27 |     6 |       |     1 |       |     2 ||    36
   Cast: Irradiate         |       |       |       |       |     3 |    15 |    47 |    26 |    12 ||   103
         Olgreb's Toxic Ra |       |       |       |       |       |   126 |    99 |    26 |     1 ||   252
         Lesser Beckoning  |       |       |       |       |       |     2 |     7 |     2 |     3 ||    14
         Yara's Violent Un |       |       |       |       |       |       |     8 |    17 |    53 ||    78
         Blink             |       |       |       |       |       |       |     1 |     7 |    16 ||    24
         Silence           |       |       |       |       |       |       |    27 |       |       ||    27
         Summon Mana Viper |       |       |       |       |       |       |    28 |    95 |   117 ||   240
         Enfeeble          |       |       |       |       |       |       |     1 |    12 |    30 ||    43
         Discord           |       |       |       |       |       |       |       |    71 |   373 ||   444
         Passage of Golubr |       |       |       |       |       |       |       |     1 |     5 ||     6
         Polar Vortex      |       |       |       |       |       |       |       |       |   413 ||   413
         Ozocubu's Refrige |       |       |       |       |       |       |       |       |    47 ||    47
         Maxwell's Capacit |       |       |       |       |       |       |       |       |    93 ||    93
         Passwall          |       |       |       |       |       |       |       |       |    18 ||    18
         Apportation       |       |       |       |       |       |       |       |       |     9 ||     9
         Manifold Assault  |       |       |       |       |       |       |       |       |     4 ||     4
         Vhi's Electric Ch |       |       |       |       |       |       |       |       |     3 ||     3
Ability: Hop               |     1 |     2 |     2 |     4 |     9 |    12 |     9 |     9 |    29 ||    77
         Begin Untransform |       |       |       |       |       |     1 |       |       |     2 ||     3
  Evoke: Wand              |     2 |     1 |    30 |    24 |    11 |     9 |     3 |     6 |     7 ||    93
         Phantom mirror    |       |       |       |     3 |     4 |     2 |     1 |       |     2 ||    12
         Lightning rod     |       |       |       |       |     9 |     8 |       |       |       ||    17
         Phial of floods   |       |       |       |       |     1 |     2 |     2 |       |     1 ||     6
         Sack of spiders   |       |       |       |       |     1 |     1 |     2 |       |       ||     4
         Tin of tremorston |       |       |       |       |       |     2 |     1 |       |       ||     3
    Use: Scroll            |       |       |       |    16 |    10 |    17 |     7 |     1 |    75 ||   126
         Potion            |       |       |       |     2 |       |     6 |     4 |     1 |    45 ||    58
   Stab: Sleeping          |     1 |     2 |     2 |     2 |       |       |     1 |       |     1 ||     9
         Betrayed ally     |       |       |     1 |     1 |       |       |       |       |       ||     2
         Paralysed         |       |       |     2 |     3 |     3 |       |     1 |       |       ||     9
         Confused          |       |       |       |     1 |     6 |       |       |     2 |     8 ||    17
         Petrified         |       |       |       |     1 |       |       |     5 |       |       ||     6
         Invisible         |       |       |       |       |     1 |       |       |     3 |     3 ||     7
         Distracted        |       |       |       |       |     5 |     1 |     5 |     8 |    15 ||    34
 Armour: Leather armour    |    25 |       |   194 |    25 |       |       |       |       |       ||   244
         Chain mail        |    62 |     7 |       |   102 |   727 |   782 |       |       |    12 ||  1692
         Robe              |       |    70 |    43 |       |       |       |       |       |       ||   113
         Steam dragon scal |       |       |       |   317 |       |       |       |       |       ||   317
         Ring mail         |       |       |       |       |   107 |       |       |       |       ||   107
         Skin              |       |       |       |       |       |    75 |  1765 |  1199 |  1302 ||  4341
         Ice dragon scales |       |       |       |       |       |       |       |       |  1925 ||  1925
  Dodge: Dodged            |    28 |   118 |   206 |   576 |   657 |   874 |  1801 |  1441 |  3822 ||  9523
  Block: Other             |       |       |       |       |       |   101 |   283 |    28 |   118 ||   530
         Buckler           |       |       |       |       |       |       |       |       |    27 ||    27
         Reflection        |       |       |       |       |       |       |       |       |     1 ||     1
Riposte: Double sword      |       |       |       |       |       |       |       |       |   246 ||   246
         Demon blade       |       |       |       |       |       |       |       |       |   167 ||   167
         Eudemon blade     |       |       |       |       |       |       |       |       |     2 ||     2
   Form: Statue            |       |       |       |       |       |     2 |       |       |     4 ||     6
         Death             |       |       |       |       |       |       |       |       |     4 ||     4

Table legend: (Time is in decaauts)
 A = Elapsed time spent in this place.
 B = Non-inter-level travel time spent in this place.
 C = Inter-level travel time spent in this place.
 D = Time resting spent in this place.
 E = Time spent auto-exploring this place.
 F = Levels seen in this place.
 G = Mean time per level.
                   A        B        C        D        E       F      G
               +--------+--------+--------+--------+--------+-----+--------+
         Total | 102873 |  91348 |  11525 |  15850 |  46548 | 151 |  681.3 |
       Dungeon |  24178 |  20538 |   3640 |   5789 |  10892 |  15 | 1611.9 |
        Temple |      1 |      1 |      0 |      0 |      0 |   1 |    1.0 |
          Lair |   8180 |   6702 |   1478 |   1169 |   3986 |   5 | 1636.0 |
         Swamp |   5502 |   4836 |    666 |   1477 |   2160 |   4 | 1375.5 |
   Spider Nest |   6209 |   5844 |    365 |   2330 |   2055 |   4 | 1552.2 |
    Slime Pits |   2611 |   2291 |    320 |    167 |   1673 |   5 |  522.2 |
  Orcish Mines |   2213 |   1636 |    577 |    310 |    851 |   2 | 1106.5 |
   Elven Halls |   5497 |   5229 |    268 |    981 |   2859 |   3 | 1832.3 |
        Vaults |  11021 |   9187 |   1834 |   1120 |   5813 |   5 | 2204.2 |
         Crypt |   4207 |   3596 |    611 |    271 |   1995 |   3 | 1402.3 |
          Tomb |   3538 |   3249 |    289 |    355 |   1616 |   3 | 1179.3 |
        Depths |   6151 |   5452 |    699 |    276 |   3177 |   4 | 1537.8 |
          Hell |    791 |    667 |    124 |      0 |    319 |   1 |  791.0 |
           Dis |   2611 |   2395 |    216 |    263 |   1058 |   7 |  373.0 |
       Gehenna |   1158 |   1085 |     73 |     28 |     39 |   7 |  165.4 |
       Cocytus |   1005 |    913 |     92 |    155 |    115 |   7 |  143.6 |
      Tartarus |    892 |    873 |     19 |     69 |    127 |   7 |  127.4 |
           Zot |   5242 |   4996 |    246 |     40 |   3844 |   5 | 1048.4 |
         Abyss |    668 |    668 |      0 |      0 |      0 |   5 |  133.6 |
   Pandemonium |   4097 |   4097 |      0 |     84 |   1294 |  26 |  157.6 |
      Ziggurat |   3174 |   3174 |      0 |    232 |   1012 |  27 |  117.6 |
       Ossuary |    382 |    382 |      0 |     59 |    185 |   1 |  382.0 |
        Bailey |    698 |    698 |      0 |    270 |    181 |   1 |  698.0 |
      Ice Cave |    771 |    771 |      0 |    166 |    316 |   1 |  771.0 |
        Wizlab |   1571 |   1571 |      0 |    136 |    814 |   1 | 1571.0 |
      Gauntlet |    495 |    495 |      0 |     97 |    159 |   1 |  495.0 |
               +--------+--------+--------+--------+--------+-----+--------+

Top non-repeatable levels by time:
Vaults:1: 3304 daAuts
  Lair:3: 3101 daAuts
    D:14: 2623 daAuts
   Elf:3: 2286 daAuts
    D:15: 2275 daAuts
  Lair:5: 2197 daAuts
Vaults:3: 2180 daAuts
  Tomb:1: 2125 daAuts
   Dis:7: 2082 daAuts
     D:9: 2073 daAuts
    D:11: 2029 daAuts
Vaults:2: 1970 daAuts
Vaults:4: 1926 daAuts
Spider:3: 1925 daAuts
Depths:3: 1870 daAuts
